Cogmind - Beta 11 @@@ ROGUE MODE // 2022.03.30 @ 22:05:25 Player: Azken Zutik Result: Assimilated 0b10! Performance ------------- Evolutions (9) 4500 Regions Visited (38) 7600 Robots Destroyed (1148) 5740 Value Destroyed (64414) 64414 Prototype IDs (93) 1860 Alien Tech Used (1) 200 Bonus (49432) 49432 TOTAL SCORE: 133746 Bonus ------- Triggered High Security 1500 High Alert Combat Kills 27270 Follower Combat Kills 3893 Entered Garrisons 1600 Used RIF Installer 4000 Network Hubs Disabled 600 Aligned with FarCom 300 Met Zhirov 300 Destroyed MAIN.C Guards 500 Met MAIN.C 5000 Used 0b10 Conduit 2000 Win 3000 Friendly Fire -531 Cogmind --------- Core Integrity 946/1600 Matter 286/300 Energy 98/100 System Corruption 61% Temperature Cool (0) Movement Core (50) Location 0b10 Command Parts ------- > --- POWER (3) -------- (None) > --- PROPULSION (7) --- (None) > --- UTILITY (11) ----- (None) > --- WEAPON (4) ------- (None) > --- INVENTORY (5) ---- Heavy Armor Plating Improved Shock Absorption System KE Penetrator KE Penetrator Peak State ------------ > --- POWER ------------ Reinforced Fission Core Quantum Reactor Quantum Reactor > --- PROPULSION ------- Biometal Medium Treads Armored Heavy Treads Armored Heavy Treads Biometal Heavy Treads > --- UTILITY ---------- Advanced Heat Sink High-capacity Storage Unit Advanced Energy Well Matter Compressor Advanced Targeting Computer Advanced Target Analyzer Advanced Powered Armor Advanced Powered Armor Graphene Brace Improved Thermal Defense Suite Advanced Force Field > --- WEAPON ----------- Railgun Railgun Railgun Railgun > --- INVENTORY -------- Improved Heavy Treads Matter Compressor Experimental Actuator Array Advanced Force Field Antimissile System Relay Coupler [Sentry] Transdimensional Reconstructor Heavy Machine Gun Heavy Machine Gun Railgun Compact Tesla Bomb Launcher Compact Tesla Bomb Launcher Advanced Remote Datajack Power Sword Kinetic Spear Kinetic Spear [Rating: 189] Favorites ----------- Power Antimatter Reactor Engine Improved Deuterium Engine Power Core Light Nuclear Core Reactor Antimatter Reactor Propulsion Medium Treads Treads Medium Treads Leg Enhanced Biometal Leg Wheel Armored Wheel Hover Unit Cooled Gravmag System Flight Unit Xenon Bombardment Thruster Utility High-capacity Storage Unit Device Experimental Heat Sink Storage High-capacity Storage Unit Processor Experimental Targeting Computer Hackware Relay Coupler [NC] Protection Improved Medium Armor Plating Weapon KE Penetrator Energy Gun Particle Gun Energy Cannon Enhanced Nova Cannon Ballistic Gun KE Penetrator Ballistic Cannon Bore Cannon Launcher Tesla Bomb Launcher Special Weapon Remote Datajack Impact Weapon Great Maul Slashing Weapon Vibroblade Piercing Weapon Plasma Lance Special Melee Weapon Datajack Build | -11 -10 -10 -10 -9 -8 -8 -7 -7 -7 -7 -6 -6 -6 -6 -6 -6 -6 -5 -5 -5 -5 -5 -5 -4 -4 -4 -4 -4 -4 -4 -4 -3 -3 -3 -2 -2 -1 -1 ------- Run | Scr Mat Min Exi Min Mat Gar Fac Gar Fac Gar Fac Was Fac Ext Cet Arc Hub Fac Was Fac Gar Fac Gar Fac Was Fac Gar Fac Upp Upp Zhi Pro Res Gar Res Gar Acc Com Slots Evolved 18 | . . . . . 4 . 2 . . . 2 . . . . . . 2 . . . . . 2 . . . . . . . . 2 . 2 . 2 . Power 2 | . . . . . . . 1 . . . . . . . . . . . . . . . . . . . . . . . . . 1 . . . . . Propulsion 5 | . . . . . 1 . . . . . 1 . . . . . . . . . . . . 1 . . . . . . . . 1 . 1 . . . Utility 9 | . . . . . 1 . 1 . . . 1 . . . . . . 2 . . . . . 1 . . . . . . . . . . 1 . 2 . Weapon 2 | . . . . . 2 . . . . . . . . . . . . . . . . . . . . . . . . . . . . . . . . . Parts Attached 1179 | 8 13 3 1 8 34 43 49 34 15 42 87 11 7 23 4 8 55 56 20 13 34 81 24 40 18 68 25 29 4 9 9 16 49 68 29 36 61 45 Power 109 | 1 1 . . . 3 3 10 2 . 5 14 1 . 3 . 1 5 7 . 1 . 6 3 2 3 3 1 . 1 . . 2 8 8 . 3 7 5 Engine 25 | 1 1 . . . 2 2 8 . . . 6 . . 2 . . 1 . . . . . . . . . . . 1 . . . . . . . . 1 Core 28 | . . . . . 1 1 2 2 . 5 4 . . 1 . 1 1 3 . . . 1 2 1 . . . . . . . 1 . 1 . . . 1 Reactor 56 | . . . . . . . . . . . 4 1 . . . . 3 4 . 1 . 5 1 1 3 3 1 . . . . 1 8 7 . 3 7 3 Propulsion 162 | 2 3 . . . 6 1 6 3 5 8 13 2 . 2 1 2 7 5 4 1 . 6 . 4 3 6 2 . 2 4 3 4 13 16 8 5 7 8 Treads 124 | 2 3 . . . 6 1 6 3 2 5 11 2 . 2 1 2 3 . 4 1 . 4 . 4 3 6 2 . 2 2 . . 10 9 8 5 7 8 Leg 18 | . . . . . . . . . . . . . . . . . 4 4 . . . 1 . . . . . . . . . . 2 7 . . . . Wheel 7 | . . . . . . . . . . 3 2 . . . . . . . . . . . . . . . . . . 2 . . . . . . . . Hover 8 | . . . . . . . . . 3 . . . . . . . . 1 . . . . . . . . . . . . 3 . 1 . . . . . Flight 5 | . . . . . . . . . . . . . . . . . . . . . . 1 . . . . . . . . . 4 . . . . . . Utility 430 | 3 5 2 . 1 6 13 13 12 5 14 22 7 4 5 1 . 22 23 7 7 16 33 8 13 7 34 16 14 1 3 4 5 20 23 11 13 19 18 Device 187 | 2 3 1 . . . 7 2 2 1 4 11 . 2 2 . . 12 15 6 2 8 18 . 7 4 16 5 6 1 2 1 4 12 7 4 5 3 12 Storage 31 | 1 1 . . . . 1 . . 1 1 2 . . . . . . . . 2 . 1 . . . 1 2 . . . 1 . 2 7 1 2 3 2 Processor 19 | . . . . . . 1 2 . . . . . . . . . . 1 . 1 1 1 . . . . . . . . . 1 3 2 1 . 3 2 Hackware 42 | . . . . . 1 1 1 3 2 4 3 1 . 1 . . . . . . 1 1 5 . . . 5 1 . . 1 . 1 5 2 2 1 . Protection 151 | . 1 1 . 1 5 3 8 7 1 5 6 6 2 2 1 . 10 7 1 2 6 12 3 6 3 17 4 7 . 1 1 . 2 2 3 4 9 2 Artifact . | . . . . . . . . . . . . . . . . . . . . . . . . . . . . . . . . . . . . . . . Weapon 478 | 2 4 1 1 7 19 26 20 17 5 15 38 1 3 13 2 5 21 21 9 4 18 36 13 21 5 25 6 15 . 2 2 5 8 21 10 15 28 14 Energy Gun 8 | . . . . . . . . . . 2 1 . . . . . . . 1 1 . . . . . . . . . . . . 2 . 1 . . . Energy Cannon 1 | . . . . . . . . . . . . . . . . . . . . . . . . . . . . . . . . . . 1 . . . . Ballistic Gun 253 | 2 3 1 1 4 15 14 11 10 2 7 19 . 3 4 2 3 10 7 4 1 2 22 8 11 3 15 5 11 . 1 . 5 . 13 5 10 13 6 Ballistic Cannon 29 | . . . . . . . . . . . . . . 9 . 2 2 3 4 1 6 . . . . . . . . . . . . 2 . . . . Launcher 61 | . . . . . . 2 . . . . 5 . . . . . 2 7 . . 8 8 5 5 . 7 . 3 . . . . 1 . 2 3 2 1 Special Weapon 41 | . . . . . 1 1 1 3 3 5 5 . . . . . . 1 . . 1 2 . 2 1 1 1 1 . . 1 . 1 1 2 2 5 . Impact Weapon 37 | . 1 . . 3 3 3 3 4 . 1 8 1 . . . . 7 2 . . . . . . . . . . . . . . 1 . . . . . Slashing Weapon 24 | . . . . . . 2 5 . . . . . . . . . . 1 . 1 1 4 . 3 1 2 . . . 1 1 . 1 1 . . . . Piercing Weapon 20 | . . . . . . . . . . . . . . . . . . . . . . . . . . . . . . . . . 2 3 . . 8 7 Special Melee Weapon 4 | . . . . . . 4 . . . . . . . . . . . . . . . . . . . . . . . . . . . . . . . . Unidentified Prototypes 40 | . . . . . 1 . 3 . 1 . 2 . . . 3 . 4 6 1 3 . 5 . . . 1 . . . . 4 . 1 . 2 . 2 1 Corrupted Parts 7 | . . . . . . . . . . . . 1 . . . . 2 . . . . . . . . . . . . . . . . . . 3 . 1 System Corruption 54 | . . . . . . . . . . . . 1 . . . . 20 . . . . . . . . . . . . . . . . . . 23 . 10 Parts Lost 173 | . 3 . . . 6 . 3 . 3 5 15 . . 1 . . 14 3 . . 3 . . 5 . 6 2 4 . 21 . 7 18 19 1 7 6 21 Power 23 | . 1 . . . 1 . . . . 1 1 . . . . . 1 . . . . . . 1 . . . . . 2 . . 5 3 . 1 2 4 Propulsion 38 | . . . . . . . 1 . 1 . 6 . . . . . 3 . . . . . . 1 . . 1 . . 7 . 1 5 7 . 1 . 4 Utility 65 | . 1 . . . 2 . 1 . 2 1 4 . . . . . 4 2 . . 1 . . 3 . 3 1 2 . 7 . 4 6 3 1 4 4 9 Weapon 47 | . 1 . . . 3 . 1 . . 3 4 . . 1 . . 6 1 . . 2 . . . . 3 . 2 . 5 . 2 2 6 . 1 . 4 Highest Loss Streak 17 | . 2 . . . 4 . 1 . 2 2 8 . . 1 . . 7 1 . . 2 . . 4 . 2 2 1 . 13 . 4 5 14 1 2 5 17 To Critical Strikes 2 | . . . . . . . 1 . . . . . . . . . . . . . 1 . . . . . . . . . . . . . . . . . Average Slot Usage (%) 92 | . 99 100 100 100 99 99 99 99 95 99 97 81 77 89 88 73 85 98 82 93 93 93 93 89 88 89 90 87 90 52 30 73 88 94 88 85 83 77 Engine 3 | . 13 14 14 14 6 . 13 7 7 1 6 9 6 6 6 6 2 . . . . . . . . . . . 1 3 . . . . . . . 1 Core 3 | . . . . . 2 8 1 6 4 13 4 . . 4 6 6 4 3 . . . . 4 5 1 . . . . . . . . . 4 4 3 1 Reactor 5 | . . . . . . . . . . . . 3 6 1 . . 4 7 11 10 11 10 5 4 8 10 10 10 8 1 . 1 12 11 8 7 7 7 Treads 18 | . 28 28 28 28 26 26 22 23 17 12 24 19 13 16 15 19 17 . 16 17 17 16 17 20 15 15 17 15 16 11 . . 17 13 20 19 15 16 Leg 1 | . . . . . . . . . . . . . . . . . 1 22 . . . . . . . . . . . . . . 1 11 . . . . Device 11 | . 12 14 14 . . 6 7 6 2 11 9 1 7 17 20 20 14 16 17 17 15 11 11 13 11 10 10 11 10 6 2 16 19 19 13 5 15 16 Storage 7 | . 14 14 14 14 9 9 7 7 7 7 6 6 6 6 6 6 6 5 5 5 5 5 5 5 5 5 5 5 5 3 3 5 5 7 5 6 10 7 Processor 4 | . . . . . . . 5 . . . . . . . . . . 4 5 5 6 11 11 10 10 10 10 10 10 3 . . 3 5 6 8 8 7 Hackware 1 | . . . . . 3 . . 1 4 1 3 3 . . . . . . . . . . 3 5 5 . 3 4 5 3 2 5 4 . 7 5 . . Protection 8 | . 1 . . 13 13 11 9 13 14 8 11 9 10 8 6 6 6 10 10 10 10 9 6 6 8 14 10 8 10 3 3 3 1 1 1 6 5 4 Ballistic Gun 18 | . 21 26 28 17 33 30 26 25 26 14 20 14 19 11 10 4 17 15 8 15 17 21 20 13 14 20 20 17 21 11 . 10 1 14 15 15 14 8 Ballistic Cannon 1 | . . . . . . . . . . . . . . 14 15 3 5 3 2 4 1 . . . . . . . . . . . . . . . . . Impact Weapon 1 | . 6 1 . 10 1 . 1 3 . 2 1 4 5 . . . 1 1 . . . . . . . . . . . . . . . . . . . . Naked Turns 126 | . . . . . . . . . . . . . . . . . . . . . . . . . . . . . . 50 59 . . . . . . 17 Heaviest Build 190 | 12 30 30 30 32 48 52 78 65 59 63 87 127 128 114 115 112 139 127 131 131 122 122 114 116 114 124 125 125 124 121 13 36 99 133 136 156 190 157 Greatest Support 245 | 40 46 46 46 46 69 63 74 68 60 60 80 140 140 140 150 150 131 120 150 135 135 135 135 177 178 170 167 167 167 143 33 33 186 182 241 238 245 232 Greatest Overweight (x) 7 | . . . . . . . 1 1 2 4 3 1 . . . 1 1 2 . . . 1 . 1 1 1 . . . 7 1 1 1 1 . . . 1 Average Overweight (x) . | . . . . . . . . . . . . . . . . . . . . . . . . . . . . . . 1 . . . . . . . . Largest Inventory Capacity 20 | 8 15 15 15 15 15 15 15 15 15 15 20 20 20 20 20 20 20 20 20 20 20 20 20 20 20 20 20 20 20 20 5 5 20 20 20 20 20 20 Average Capacity 17 | 6 14 15 15 15 15 15 15 15 15 15 17 20 20 20 20 20 20 20 20 20 20 20 20 20 20 20 20 20 20 16 5 5 12 20 20 20 20 19 Most Carried 20 | 6 15 15 15 15 15 15 15 15 15 15 20 20 20 20 20 20 20 20 20 20 20 20 20 20 20 20 20 20 20 19 5 5 20 20 20 20 20 20 Average Carried 17 | 2 13 14 14 15 14 13 14 14 14 13 16 19 19 19 19 19 19 19 19 19 19 19 19 19 18 19 19 19 19 11 4 5 9 19 19 18 19 14 Final Capacity 20 | 8 15 15 15 15 15 15 15 15 15 15 20 20 20 20 20 20 20 20 20 20 20 20 20 20 20 20 20 20 20 5 5 5 20 20 20 20 20 20 Final Carried 20 | 6 15 15 15 15 15 15 15 15 15 15 20 20 20 20 20 20 20 20 20 20 20 20 20 20 20 20 20 20 19 5 5 5 20 20 20 20 20 20 Class Distribution -------------------- 39% | Scavenger-Tank 38% | Scavenger-Mutant 11% | Mutant 3% | Scavenger-Skirmisher Dominant Class ---------------- Mutant | -10/Materials Mutant | -10/Mines Mutant | -10/Exiles Mutant | -9/Mines Tank | -8/Materials Scavenger-Mutant | -8/Garrison Scavenger-Tank | -7/Factory Scavenger-Mutant | -7/Garrison Scavenger-Tank | -7/Factory Scavenger-Mutant | -7/Garrison Scavenger-Tank | -6/Factory Scavenger-Mutant | -6/Waste Scavenger-Mutant | -6/Factory Scavenger-Tank | -6/Extension Scavenger-Tank | -6/Cetus Scavenger-Mutant | -6/Archives Scavenger-Tank | -6/Hub_04(d) Scavenger-Tank | -5/Factory Scavenger-Tank | -5/Waste Scavenger-Tank | -5/Factory Scavenger-Mutant | -5/Garrison Scavenger-Tank | -5/Factory Scavenger-Mutant | -5/Garrison Scavenger-Mutant | -4/Factory Scavenger-Mutant | -4/Waste Scavenger-Tank | -4/Factory Scavenger-Tank | -4/Garrison Scavenger-Tank | -4/Factory Scavenger-Tank | -4/Upper Caves Scavenger-Tank | -4/Upper Caves Mutant | -4/Zhirov Scavenger-Mutant | -3/Proximity Caves Scavenger-Mutant | -3/Research Scavenger-Skirmisher | -3/Garrison Scavenger-Gunner | -2/Research Scavenger-Tank | -2/Garrison Scavenger-Tank | -1/Access Scavenger-Mutant | -1/Command Resources | -11 -10 -10 -10 -9 -8 -8 -7 -7 -7 -7 -6 -6 -6 -6 -6 -6 -6 -5 -5 -5 -5 -5 -5 -4 -4 -4 -4 -4 -4 -4 -4 -3 -3 -3 -2 -2 -1 -1 ----------- Run | Scr Mat Min Exi Min Mat Gar Fac Gar Fac Gar Fac Was Fac Ext Cet Arc Hub Fac Was Fac Gar Fac Gar Fac Was Fac Gar Fac Upp Upp Zhi Pro Res Gar Res Gar Acc Com Matter Collected 50502 | 296 1108 190 . 210 1278 1350 2088 933 958 1826 3737 215 76 2864 189 372 2204 3167 366 833 1524 3350 1276 2540 769 2957 1341 1831 232 122 415 321 791 2300 990 1233 2664 1586 Remotely 215 | 130 . . . . . . . . . . . . . . . . . . . . . . . . . . . . . . . . . . . . . 85 Salvage Created 68143 | 157 1151 100 . 107 1608 1369 1897 741 965 1281 5149 215 91 2605 117 315 2762 3110 56 691 2401 6438 1870 4025 1866 5923 1345 2678 291 458 429 420 2520 2354 1075 1520 4648 3395 Parts 2995 | 15 55 6 . 16 106 63 101 32 45 50 184 6 4 91 6 18 115 140 3 34 97 283 79 174 47 323 78 118 15 21 5 24 101 74 63 70 191 142 Haulers Intercepted 28 | . 2 . . . 3 . 2 . 1 . 1 . . . . . 2 2 . 3 . 6 . 1 . 2 . . . . . . . . . . 3 . Recyclers Shooed 32 | . 1 . . . 1 . . . . . 15 . . 2 . . . 2 . . . 2 . 1 . 4 . 3 . . . . . . . . 1 . Parts Field Recycled 78 | . . . . . . . . 30 . . . . . . . . . 5 4 . . . . 22 4 13 . . . . . . . . . . . . Retrieved Matter 973 | . . . . . . . . 239 . . . . . . . . . 43 204 . . . . 155 158 174 . . . . . . . . . . . . Parts Self-Destructed 49 | . . . . . . . . . . . . . . . . . . . . . . . . . . . . . 11 19 5 14 . . . . . . Prevented . | . . . . . . . . . . . . . . . . . . . . . . . . . . . . . . . . . . . . . . . Kills | -11 -10 -10 -10 -9 -8 -8 -7 -7 -7 -7 -6 -6 -6 -6 -6 -6 -6 -5 -5 -5 -5 -5 -5 -4 -4 -4 -4 -4 -4 -4 -4 -3 -3 -3 -2 -2 -1 -1 ------- Run | Scr Mat Min Exi Min Mat Gar Fac Gar Fac Gar Fac Was Fac Ext Cet Arc Hub Fac Was Fac Gar Fac Gar Fac Was Fac Gar Fac Upp Upp Zhi Pro Res Gar Res Gar Acc Com Combat Hostiles Destroyed 952 | . 12 6 . 8 20 28 30 19 17 21 74 1 1 42 2 4 38 60 . 6 44 73 31 76 6 73 18 39 5 5 . 10 39 31 13 24 54 22 Melee 64 | . . . . . . . . . . . . 1 . . . . 4 2 . . . . . . 1 . . . . . . 6 35 5 . . . 10 Guns 595 | . 12 6 . 8 20 24 30 19 17 21 52 . 1 17 . 3 19 27 . 5 11 49 12 20 5 50 18 26 5 5 . 4 4 26 13 12 44 10 Cannons 41 | . . . . . . . . . . . . . . 25 2 1 3 7 . 1 2 . . . . . . . . . . . . . . . . . AOE 197 | . . . . . . 4 . . . . 22 . . . . . 7 23 . . 18 13 12 56 . 14 . 13 . . . . . . . 9 6 . Classes Destroyed 24 | 3 6 . . . 3 3 1 1 . . 3 1 . . . . . . . 1 . . . . . . . . 1 . . . . . . . 1 . Worker 42 | 1 3 . . . 3 . 4 . . . 6 . . . . . 6 4 . . . 3 . 9 . 1 . 1 . . . . . . . . . 1 Builder 33 | . 2 . . . 7 . 1 . . . 2 . . 2 . . 3 3 . 1 . 2 . 5 . 4 . . . . . . . . . . 1 . Tunneler 16 | 2 2 . . . . . 1 . . . 2 . 1 1 . . 1 3 . . . . . 1 . 1 . 1 . . . . . . . . . . Hauler 28 | . 2 . . . 3 . 2 . 1 . 1 . . . . . 2 2 . 3 . 6 . 1 . 2 . . . . . . . . . . 3 . Recycler 42 | 1 4 . . . 4 . . . . . 12 . . 4 . . 2 1 . . . 3 . 2 . 5 . 3 . . . . . . . . . 1 Carrier 1 | . . . . . . . . . . . . . . . . . . . . 1 . . . . . . . . . . . . . . . . . . Mechanic 14 | . . . . . 2 . 1 . . . 3 . . . . . . . . . . 4 . 3 . . . . . . . . . . 1 . . . Operator 10 | . 1 . . . 3 . 1 . . . . . . 1 . . 2 . . . . . . . . 1 . . . . . . . . . . . 1 Watcher 30 | . 3 . . . 1 . 2 . 2 . . . 1 2 1 . 4 3 . . . 5 . 2 . 1 . . . . . . . 1 2 . . . Swarmer 145 | . 3 6 . 8 7 7 4 7 1 1 3 . . 5 . . . 4 . . 16 6 4 . . 20 3 . 4 . . 9 7 . . 13 3 4 Cutter 10 | . . . . . . 3 . . . . . . . . . . . . . . 3 . 4 . . . . . . . . . . . . . . . Saboteur 17 | . . . . . . . . . . . 1 . . . . . . 3 . 1 . 1 . 5 . 2 . 3 . . . . . . . . 1 . Grunt 388 | . 9 . . . 8 13 13 10 12 14 30 . . 19 . . 17 27 . 2 18 37 18 36 . 25 9 13 . 3 . . 4 23 4 . 24 . Brawler 46 | . . . . . . 1 1 . 2 1 11 . . 2 . . . 3 . . 1 2 1 8 . 4 1 6 . 1 . . 1 . . . . . Duelist 44 | . . . . . . 2 2 . . 1 9 . . . . . 1 8 . 1 . 2 1 5 . 4 1 5 . . . . 2 . . . . . Protector 21 | . . . . . . . . . . . 6 . . 1 . . 3 3 . 1 . 1 . 2 . 3 . 1 . . . . . . . . . . Sentry 75 | . . . . . 3 2 5 . 1 3 3 . . 8 . 4 6 3 . . 4 4 1 . . 1 2 5 1 1 . . 5 5 . 6 2 . Specialist 3 | . . . . . . . . 2 . . . . . . . . . . . . 1 . . . . . . . . . . . . . . . . . Hunter 55 | . . . . . 2 . 1 . . . 2 . . 3 . . 2 1 . . . 4 2 6 . 2 2 . . . . . 4 . . 2 13 9 Programmer 119 | . . . . . . . 4 . 1 1 8 . 1 . . . 2 8 . 1 . 16 . 14 . 12 . 6 . . . 1 16 2 9 2 10 5 Heavy 1 | . . . . . . . . . . . . . . . . . . . . . . . . . . . . . . . . . . . . . 1 . Behemoth 5 | . . . . . . . . . . . 1 . . 1 . . . . . . 1 . . . . . . . . . . . . 1 . 1 . . Compactor 7 | . . . . . . . . . . . . 1 . . . . . . . . . . . . 6 . . . . . . . . . . . . . Cetus Guard 2 | . . . . . . . . . . . . . . . 2 . . . . . . . . . . . . . . . . . . . . . . . M Guard 2 | . . . . . . . . . . . . . . . . . . . . . . . . . . . . . . . . . . . . . . 2 Lightning 7 | . . . . . . . . . . . . . . . . . 7 . . . . . . . . . . . . . . . . . . . . . Combat Programmer 2 | . . . . . . . . . . . . . . . . . . . . . . . . . . . . . . . . . . . . . . 2 Decomposer 3 | . . . . . . . . . . . . . . . . . . . . . . . . . . . . . 1 . . 2 . . . . . . Samaritan 2 | . . . . . . . . . . . . . . . . . . . . . . . . . . . . . 1 1 . . . . . . . . Thug 3 | . . . . . . . . . . . . . . 2 . . . . 1 . . . . . . . . . . . . . . . . . . . Guerrilla 1 | . . . . . . . . . . . . . . 1 . . . . . . . . . . . . . . . . . . . . . . . . Best Kill Streak 20 | 3 4 3 . 4 4 4 5 6 5 5 18 1 1 6 3 4 14 20 . 5 5 15 6 15 1 9 3 14 4 3 . 5 11 8 5 6 15 4 Combat Bots Only 20 | . 3 3 . 4 3 4 4 6 5 5 16 1 1 5 2 4 6 20 . 5 5 13 6 12 1 9 3 13 4 3 . 5 11 8 4 6 15 4 Max Kills in Single Turn 10 | 1 1 2 . 1 2 4 2 2 1 2 3 1 1 3 2 1 10 4 1 2 3 3 4 3 1 3 1 3 2 1 . 1 1 2 1 3 3 2 Gunslinging 1 | . . . . . . 1 . 1 . 1 . . . 1 . . 1 . . . . . 1 1 . 1 . 1 1 . . . . 1 . . 1 . Exploded 4 | . . . . . . 4 . . . . 3 . . . . . 2 4 . . 3 2 4 3 . 2 . 3 . . . . . . . 3 2 . Melee 1 | . . . . . . . . . . . . 1 . . . . 1 1 . . . . . . 1 . . . . . . 1 1 1 . . . 1 Uniques/NPCs Destroyed . | . . . . . . . . . . . . . . . . . . . . . . . . . . . . . . . . . . . . . . . Combat | -11 -10 -10 -10 -9 -8 -8 -7 -7 -7 -7 -6 -6 -6 -6 -6 -6 -6 -5 -5 -5 -5 -5 -5 -4 -4 -4 -4 -4 -4 -4 -4 -3 -3 -3 -2 -2 -1 -1 -------- Run | Scr Mat Min Exi Min Mat Gar Fac Gar Fac Gar Fac Was Fac Ext Cet Arc Hub Fac Was Fac Gar Fac Gar Fac Was Fac Gar Fac Upp Upp Zhi Pro Res Gar Res Gar Acc Com Damage Taken 61462 | . 636 113 . 167 1191 981 1580 740 857 963 3481 . 31 1524 27 87 5079 923 . 123 730 1568 595 2217 . 2755 1055 2285 96 2917 . 1259 5148 3737 1300 2386 5334 9577 Core 4386 | . 48 25 . . 95 89 189 91 180 138 343 . . 60 . . 371 40 . . 33 108 19 128 . 85 46 82 . 223 . 243 559 302 63 172 184 470 Absorbed by Shields 15888 | . . . . . . 62 613 289 34 262 985 . 30 892 . 84 549 894 . 102 611 1431 435 810 . 1191 560 1058 94 234 . . . 372 . 95 2991 1210 Reduced by Siege Mode 2086 | . . . . . . . . . . . . . 2 114 . . 88 . . . 3 65 19 30 . 151 45 61 . 127 . . 275 . 43 . 252 811 Redirected to Shielding 745 | . . . . . 4 11 9 9 19 . 23 . 19 82 . . 27 4 . . . . . . . 101 35 . . . . 154 39 70 . . 42 97 Regen/Repaired (Parts) 2306 | . 14 . . . 455 . . . 138 . 175 . . . . . . . . . . 628 . 368 . . . 528 . . . . . . . . . . Core Remaining (%) 54 | 100 . . . 70 . 66 . . . 14 . . . . . . 8 . . . . . 80 . . . . . . . . 29 . 33 . 83 . 59 Volleys Fired 2667 | 4 178 10 . 15 93 122 114 61 56 112 201 9 2 86 5 13 128 122 . 19 120 161 58 137 46 153 72 96 7 15 5 14 25 99 47 66 133 63 Largest 4 | 2 2 2 . 2 4 4 4 4 4 4 4 1 4 4 4 4 4 4 . 4 4 4 4 4 3 4 4 4 4 4 1 3 3 4 4 4 4 4 Hottest 228 | 40 46 46 . 46 99 99 106 106 94 178 183 5 103 228 199 184 184 148 . 148 153 129 127 131 94 128 131 134 134 134 7 90 218 155 189 134 141 141 Shots Fired 7591 | 8 282 20 . 30 360 309 399 169 197 318 661 10 7 326 19 37 293 377 2 77 193 522 123 261 116 493 220 293 27 52 5 32 66 325 165 173 412 212 Gun 6715 | 8 282 20 . 30 356 275 396 164 191 294 623 1 7 199 4 20 234 279 1 58 87 485 97 173 110 459 215 276 27 52 . 32 65 317 158 129 387 204 Cannon 334 | . . . . . . . . . . . . . . 127 15 17 50 78 1 19 24 . . . . . . . . . . . . 3 . . . . Launcher 363 | . . . . . . 2 . . . . 32 . . . . . 9 19 . . 65 24 26 85 . 32 . 13 . . . . . . 1 35 12 8 Special 179 | . . . . . 4 32 3 5 6 24 6 9 . . . . . 1 . . 17 13 . 3 6 2 5 4 . . 5 . 1 5 6 9 13 . Kinetic 6940 | 8 282 20 . 30 356 275 396 164 191 278 565 1 7 326 19 37 284 357 2 77 111 485 97 173 110 459 215 276 27 52 . 32 36 320 152 129 387 204 Thermal 145 | . . . . . 4 32 . . . 16 58 . . . . . . . . . . . . . . . . . . . . . 29 . 6 . . . Explosive 154 | . . . . . . 2 . . . . 32 . . . . . 9 15 . . . . . 83 . . . 13 . . . . . . . . . . Electromagnetic 209 | . . . . . . . . . . . . . . . . . . 4 . . 65 24 26 2 . 32 . . . . . . . . 1 35 12 8 Robot Hit Streak 51 | 4 17 3 . 11 18 27 26 8 11 26 32 13 19 35 3 6 51 26 6 9 21 31 26 31 20 43 44 37 15 15 13 8 21 18 22 39 33 30 Robot Miss Streak 8 | . 6 3 . 2 5 4 3 4 3 4 7 . . 5 4 2 4 8 1 3 4 5 2 3 2 4 2 3 1 1 1 4 5 4 3 2 4 4 Penetration Max 2 | . . . . . . . 1 1 . . 1 . . 2 1 1 1 1 . 1 1 1 1 1 . 1 1 1 . . . . . 2 1 . 2 1 Secondary Targets 117 | . 1 1 . . 1 7 3 6 2 4 4 . . 4 . . 3 5 . . . 9 4 4 1 12 1 4 2 4 . 1 . 10 3 . 16 5 Max Gunslinging Chain 2 | . 1 1 . . 1 1 1 1 1 1 1 . . 1 . . 1 1 . . . 1 2 1 1 1 1 1 1 1 . 1 . 1 1 . 2 1 Shots Hit Robots 5402 | 4 111 10 . 22 213 222 232 92 125 229 468 39 9 212 10 17 218 237 1 45 87 387 72 159 129 340 164 224 21 46 12 29 182 235 113 118 311 257 Core Hits 2617 | 4 40 6 . 8 89 89 96 32 52 70 279 1 2 103 5 7 109 147 2 18 66 194 55 225 20 192 50 124 8 16 5 16 69 90 37 53 136 102 Critical Kills 123 | . 1 . . . 2 . 1 2 . . 2 1 . 23 3 3 12 8 1 3 3 4 . 3 . 11 3 2 2 1 . . 1 4 3 1 15 8 Critical Parts Destroyed 232 | . 3 . . 1 3 1 3 1 2 1 6 7 . 26 2 3 29 22 . 9 1 12 2 7 1 17 2 8 . 1 . . . 14 7 5 20 16 Critical Strikes 440 | . 4 . . 1 5 3 4 3 2 2 12 12 . 53 6 6 43 31 1 12 4 16 2 10 4 28 7 10 2 2 . . 25 25 10 8 38 49 Burn 4 | . . . . . . . . . . 1 3 . . . . . . . . . . . . . . . . . . . . . . . . . . . Destroy 351 | . . . . . 5 1 4 3 2 1 9 . . 53 6 6 33 27 1 12 4 16 2 10 3 28 7 10 2 2 . . . 22 10 8 36 28 Smash 32 | . 4 . . 1 . . . . . . . 12 . . . . 10 4 . . . . . . . . . . . . . . 1 . . . . . Sever 28 | . . . . . . 2 . . . . . . . . . . . . . . . . . . 1 . . . . . . . 22 3 . . . . Impale 25 | . . . . . . . . . . . . . . . . . . . . . . . . . . . . . . . . . 2 . . . 2 21 Melee Attacks 910 | . 70 . . 11 18 135 29 16 . 62 30 29 6 . . . 60 20 . 1 1 6 . 5 33 1 . . . 2 9 23 165 33 . . 23 122 Impact 386 | . 70 . . 11 18 43 15 16 . 62 30 29 6 . . . 60 20 . . . . . . . . . . . . . . 6 . . . . . Slashing 340 | . . . . . . 91 14 . . . . . . . . . . . . 1 1 6 . 5 33 1 . . . 2 9 23 125 29 . . . . Piercing 183 | . . . . . . . . . . . . . . . . . . . . . . . . . . . . . . . . . 34 4 . . 23 122 Sneak Attacks 90 | . 10 . . 2 . . 3 . . . 2 29 2 . . . . 5 . . . . . 3 25 1 . . . 2 . . 2 . . . 2 2 Combat Hostiles 54 | . . . . . . . . . . . . 29 . . . . . . . . . . . . 25 . . . . . . . . . . . . . Follow-up Attacks 84 | . . . . . . . . . . . . . . . . . . . . . . . . . . . . . . . . . 39 5 . . . 40 Damage Inflicted 171912 | 53 1639 166 . 402 2615 3228 4440 1678 1941 2671 13791 2523 340 5333 362 464 10614 10750 106 1213 4381 11349 3438 18711 3546 9904 3503 9060 508 1335 961 994 7786 6477 3093 3650 8475 10412 Guns 95721 | 53 1144 166 . 302 2593 2661 4043 1678 1941 2671 8818 18 166 3143 58 369 3769 4299 51 875 1013 8327 1324 3411 2279 7127 3503 5558 508 1135 . 400 1289 5388 3093 2273 7047 3228 Cannons 4289 | . . . . . . . . . . . . . . 2190 304 95 471 684 55 277 213 . . . . . . . . . . . . . . . . . Explosions 46252 | . 60 . . . . 248 173 . . . 4801 . . . . . 4085 4906 . . 3155 3022 2114 14864 . 2673 . 3499 . . . . . . . 1377 1065 210 Melee 25271 | . 435 . . 100 . . 224 . . . 172 2505 174 . . . 2289 861 . 61 . . . 436 1267 104 . . . 200 961 594 6489 1089 . . 336 6974 Ramming 38 | . . . . . . . . . . . . . . . . . . . . . . . . . . . . 3 . . . . 8 . . . 27 . Kinetic 98396 | 53 1144 166 . 302 2593 2661 4043 1678 1941 2482 8228 18 166 5333 362 464 4240 4983 106 1152 1226 8327 1324 3411 2279 7127 3503 5558 508 1135 . 400 623 5388 2924 2273 7047 3228 Thermal 2810 | . . . . . 22 319 . . . 189 590 . . . . . 39 327 . . 166 61 180 . . 82 . . . . . . 666 . 169 . . . Explosive 29396 | . 60 . . . . 248 173 . . . 4801 . . . . . 1773 4124 . . . . . 14617 . . . 3499 . . . . . . . . 101 . Electromagnetic 16001 | . . . . . . . . . . . . . . . . . 2273 455 . . 2989 2961 1934 247 . 2591 . . . . . . . . . 1377 964 210 Impact 6845 | . 435 . . 100 . . 90 . . . 172 2505 174 . . . 2289 861 . . . . . . . . . . . . . . 219 . . . . . Slashing 10091 | . . . . . . . 134 . . . . . . . . . . . . 61 . . . 436 1267 104 . . . 200 961 594 5334 1000 . . . . Piercing 8335 | . . . . . . . . . . . . . . . . . . . . . . . . . . . . . . . . . 936 89 . . 336 6974 Highest Corruption 61 | . . . . . . . 1 1 10 10 5 21 22 22 22 22 60 3 3 3 4 10 11 3 3 5 5 5 4 4 4 5 17 17 6 32 12 61 Average Corruption 8 | . . . . . . . 1 1 3 10 1 17 21 22 22 22 30 2 3 3 3 7 10 1 3 3 5 1 4 4 4 4 6 17 3 10 6 30 Corruption Purged 6 | . . . . . . . 1 . . . . . . . . . . . . . . . . . . . . 5 . . . . . . . . . . Corruption Blocked 4 | . . . . . . . . . . . . . . . . . . 4 . . . . . . . . . . . . . . . . . . . . Effects 1871 | . . . . . . . 4 51 17 164 22 16 21 152 12 51 135 6 110 19 71 138 86 12 50 85 66 16 27 9 9 29 43 157 17 136 60 80 Message Errors 476 | . . . . . . . . 14 3 37 5 1 4 32 3 10 25 2 33 5 10 38 27 5 16 26 20 2 6 2 3 11 8 43 6 39 18 22 Matter Fused 422 | . . . . . . . 1 9 2 39 6 1 4 33 2 11 32 . 20 5 25 31 24 1 12 17 19 1 11 3 2 7 16 35 3 25 8 17 Heat Flow Errors 211 | . . . . . . . 1 5 3 25 2 3 5 18 4 6 17 1 13 2 9 12 3 . 4 7 5 2 3 1 1 3 4 18 . 16 10 8 Energy Discharges 223 | . . . . . . . 1 6 3 16 3 3 2 19 . 9 10 1 20 2 6 15 10 . 6 12 10 3 3 1 2 1 6 16 4 19 6 8 Parts Rejected 24 | . . . . . . . . . 1 2 . 3 1 1 . . 6 . . . 1 . . 1 . 2 . . . . . . 1 . . 1 2 2 Data Loss (minor) 224 | . . . . . . . . 11 2 20 2 3 2 16 1 9 16 2 12 1 11 16 13 2 8 9 6 5 2 . 1 3 4 16 1 16 6 8 Data Loss (major) 82 | . . . . . . . . 1 1 7 1 . 2 6 1 3 3 . 7 . 6 10 7 . 3 2 1 . 1 1 . 2 1 8 . 4 4 . Misfires 65 | . . . . . . . . 2 . 5 1 1 . 9 . 1 3 . 2 2 . 4 2 . 1 5 2 1 . . . 2 2 8 . 10 1 1 Alerts 42 | . . . . . . . 1 3 . 6 1 . 1 2 . 1 2 . 3 2 3 4 . 1 . 2 2 . . . . . 1 . 1 3 . 3 Misdirections 9 | . . . . . . . . . . . . 1 . 1 . . 1 . . . . . . . . . . . . . . . . 1 . . 1 4 Weapon Failures 93 | . . . . . . . . . 2 7 1 . . 15 1 1 20 . . . . 8 . 2 . 3 1 2 1 1 . . . 12 2 3 4 7 Overload Shots . | . . . . . . . . . . . . . . . . . . . . . . . . . . . . . . . . . . . . . . . Overflow Damage 5311 | . 188 . . 25 . . 143 . . . 288 687 72 13 . . 861 762 . 39 42 17 . 623 . 91 . 14 . 75 161 95 326 8 . 3 25 753 Projectiles 123 | . . . . . . . . . . . . . . 13 . . 34 37 . 39 . . . . . . . . . . . . . . . . . . Explosions 1578 | . . . . . . . 93 . . . 253 . . . . . 248 344 . . 42 17 . 545 . 17 . 14 . . . . . . . 3 2 . Melee 3610 | . 188 . . 25 . . 50 . . . 35 687 72 . . . 579 381 . . . . . 78 . 74 . . . 75 161 95 326 8 . . 23 753 Knockbacks 53 | . 4 . . . . . 1 . . . 1 . 1 11 . . 8 18 2 3 3 . . . . . . . . . . . 1 . . . . . Impact 21 | . 4 . . . . . 1 . . . 1 . 1 . . . 7 6 . . . . . . . . . . . . . . 1 . . . . . Kinetic 30 | . . . . . . . . . . . . . . 11 . . 1 11 1 3 3 . . . . . . . . . . . . . . . . . Secondary 2 | . . . . . . . . . . . . . . . . . . 1 1 . . . . . . . . . . . . . . . . . . . Self-Inflicted Damage 983 | . 60 . . . . . . . . . . . . . . . 218 18 . . 154 45 66 134 . 89 . . . . . . . . . 59 140 . Shots 45 | . 3 . . . . . . . . . . . . . . . 5 2 . . 9 3 5 5 . 4 . . . . . . . . . 2 7 . Rammed 4 | . . . . . . . . . . . . . . . . . . . . . . . . . . . . 1 . . . . 1 . . . 2 . Targets Rammed 4 | . . . . . . . . . . . . . . . . . . . . . . . . . . . . 1 . . . . 1 . . . 2 . Kicked . | . . . . . . . . . . . . . . . . . . . . . . . . . . . . . . . . . . . . . . . Crushed . | . . . . . . . . . . . . . . . . . . . . . . . . . . . . . . . . . . . . . . . Highest Temperature 566 | . 28 12 . 33 251 408 456 415 477 392 566 233 301 238 227 238 430 331 243 236 266 243 290 39 248 242 233 232 221 292 236 125 428 228 . 288 218 224 Average Temperature 94 | . 6 5 . 17 65 80 116 117 134 122 114 66 93 64 74 106 189 38 108 49 83 34 121 13 115 24 75 54 99 118 141 50 136 73 . 101 89 90 Received Heat Transfer 8966 | . 324 . . . 225 417 414 168 342 446 597 . . 368 . 22 1039 206 . 62 136 324 32 569 . 366 128 365 4 542 . . 390 751 72 277 236 144 Effects 55 | . . . . . . 3 5 2 8 8 11 . . . . . 16 . . . . . . . . . . . . . . . 1 . . 1 . . Shutdowns 20 | . . . . . . 1 2 1 5 1 3 . . . . . 6 . . . . . . . . . . . . . . . 1 . . . . . Energy Bleed 15 | . . . . . . 2 2 . 2 2 3 . . . . . 3 . . . . . . . . . . . . . . . . . . 1 . . Interference 15 | . . . . . . . . . . 5 3 . . . . . 7 . . . . . . . . . . . . . . . . . . . . . Matter Decay 2 | . . . . . . . 1 . . . 1 . . . . . . . . . . . . . . . . . . . . . . . . . . . Short Circuit 2 | . . . . . . . . 1 1 . . . . . . . . . . . . . . . . . . . . . . . . . . . . . Damage (minor) 1 | . . . . . . . . . . . 1 . . . . . . . . . . . . . . . . . . . . . . . . . . . Siege Activations 107 | . . . . . . . . . . . . . 1 15 . 1 10 . . . 2 19 8 4 . 18 9 2 . 1 . . 2 . 1 1 9 4 Total Turns 2300 | . . . . . . . . . . . . . 7 248 . 8 299 . . . 28 346 121 78 . 322 186 70 . 34 . . 136 . 28 13 208 168 Longest Duration 130 | . . . . . . . . . . . . . 7 38 . 8 130 . . . 19 76 35 25 . 89 37 51 . 34 . . 104 . 28 13 56 119 Robots Corrupted 53 | . . . . . . . . . . . . . . . . . 3 1 . . 13 11 7 . . 9 . . . . . . . . . 3 4 2 Combat Hostiles 52 | . . . . . . . . . . . . . . . . . 2 1 . . 13 11 7 . . 9 . . . . . . . . . 3 4 2 Parts Fried 143 | . 2 . . . . . 1 . . . 2 . 3 . . . 12 6 . . 25 24 17 2 . 20 . . . . . . 1 . . 14 9 5 Impact Corruptions 68 | . 9 . . 2 . . 2 . . . 3 10 4 . . . 23 14 . . . . . . . . . . . . . . 1 . . . . . Robots Melted . | . . . . . . . . . . . . . . . . . . . . . . . . . . . . . . . . . . . . . . . Combat Hostiles . | . . . . . . . . . . . . . . . . . . . . . . . . . . . . . . . . . . . . . . . Parts Melted 7 | . . . . . . . . . . 1 2 . . . . . . . . . . . . . . . 2 . . . . . 2 . . . . . Heat Transferred 4825 | . . . . . 74 1073 . . . 518 1498 . . . . . 50 250 . . 137 50 150 . . 100 . . . . . . 740 . 185 . . . Parts Sabotaged 2 | . . . . . . . . . . . . . . . . . . 2 . . . . . . . . . . . . . . . . . . . . Parts Stolen . | . . . . . . . . . . . . . . . . . . . . . . . . . . . . . . . . . . . . . . . Parts Stripped . | . . . . . . . . . . . . . . . . . . . . . . . . . . . . . . . . . . . . . . . Power Chain Reactions 17 | . 3 . . . . . . . . . . . . . . . 2 . . . 4 2 2 . . 2 . . . . . . . . . 1 1 . Missiles Intercepted 14 | . . . . . . . . . . . . . . . . . . . . . . . . . . . . . . . . . . . . . . 14 Alert | -11 -10 -10 -10 -9 -8 -8 -7 -7 -7 -7 -6 -6 -6 -6 -6 -6 -6 -5 -5 -5 -5 -5 -5 -4 -4 -4 -4 -4 -4 -4 -4 -3 -3 -3 -2 -2 -1 -1 ------- Run | Scr Mat Min Exi Min Mat Gar Fac Gar Fac Gar Fac Was Fac Ext Cet Arc Hub Fac Was Fac Gar Fac Gar Fac Was Fac Gar Fac Upp Upp Zhi Pro Res Gar Res Gar Acc Com Peak Influence 2971 | 20 665 250 . 141 358 1254 1331 2028 1382 1546 2414 844 652 569 319 269 1453 2640 1172 1826 2643 1698 2274 2971 1100 1471 1762 1668 . . . . 486 1209 1008 1252 975 519 Initial 1387 | . 13 250 . . 29 177 658 931 1064 862 811 844 590 221 318 114 . 711 1100 277 1250 1387 1188 1193 1100 297 1029 924 . . . . 13 357 679 666 751 428 Average 918 | 6 261 151 . 40 194 947 805 1552 1207 1322 1367 844 591 338 290 134 730 1322 587 1179 2037 602 1771 1803 672 717 1390 1165 . . . . 159 933 846 1046 526 339 Maximum Alert Level 5 | . 2 1 . . 1 4 4 5 4 4 5 3 2 2 1 1 4 5 4 5 5 5 5 5 4 4 5 5 . . . . 2 4 3 4 3 2 Low Security (%) 12 | 100 52 58 . 100 52 2 . . . . . . . 23 . 65 15 . . . . 35 . . . 2 . . . . . . 72 . . . . 3 Level 1 8 | . 13 41 . . 47 3 3 . . . . . . 39 100 34 . . 5 1 . 9 . . . 16 . . . . . . 15 1 . . 33 65 Level 2 17 | . 34 . . . . 9 35 . . . . . 100 37 . . 37 3 67 2 . 9 . . 61 19 . . . . . . 11 24 2 2 48 31 Level 3 22 | . . . . . . 43 48 3 23 23 35 100 . . . . 26 39 20 56 . 25 . . 25 54 19 53 . . . . . 34 97 52 17 . Level 4 26 | . . . . . . 41 13 70 76 76 35 . . . . . 19 28 6 20 7 18 40 43 12 7 55 33 . . . . . 39 . 45 . . Level 5 11 | . . . . . . . . 26 . . 28 . . . . . . 25 . 19 92 . 59 50 . . 24 12 . . . . . . . . . . High Security . | . . . . . . . . . . . . . . . . . . 3 . . . 1 . 5 . . . . . . . . . . . . . . Max Security . | . . . . . . . . . . . . . . . . . . . . . . . . . . . . . . . . . . . . . . . Squads Dispatched 218 | . 3 . . . 9 . 10 . 7 . 22 . 3 4 . . 12 16 . 14 . 19 . 23 . 22 . 15 . . . . 13 . 6 . 15 5 Investigation 15 | . 2 . . . 2 . . . 1 . 2 . 1 2 . . . . . . . 2 . . . . . . . . . . 2 . . . 1 . Extermination 53 | . . . . . . . 3 . 1 . 6 . 1 . . . 2 3 . 1 . 7 . 4 . 6 . 4 . . . . 4 . 2 . 6 3 Reinforcement 47 | . 1 . . . 5 . 2 . 2 . 4 . 1 1 . . 6 3 . 3 . 4 . 3 . 3 . . . . . . . . 1 . 6 2 Assault 66 | . . . . . . . 2 . 3 . 10 . . 1 . . 1 9 . 4 . 5 . 16 . 6 . 4 . . . . 1 . 3 . 1 . Garrison 37 | . . . . . 2 . 3 . . . . . . . . . 3 1 . 6 . 1 . . . 7 . 7 . . . . 6 . . . 1 . Intercept . | . . . . . . . . . . . . . . . . . . . . . . . . . . . . . . . . . . . . . . . Searches Triggered . | . . . . . . . . . . . . . . . . . . . . . . . . . . . . . . . . . . . . . . . Construction Impeded 12 | . . . . . . . . . . . 3 . . . . . 1 1 . 1 . 2 . 3 . 1 . . . . . . . . . . . . Haulers Reinforced 12 | . . . . . . . 1 . 1 . 1 . . . . . 1 1 . 2 . 1 . . . 1 . . . . . . . . 1 . 2 . Active Scanning Responses . | . . . . . . . . . . . . . . . . . . . . . . . . . . . . . . . . . . . . . . . Cargo Convoy Interrupts 2 | . . . . . . . . . . . . . . . . . . 1 . 1 . . . . . . . . . . . . . . . . . . Alert ID Control Effect 2 | . . . . . . . . . . . . . . . . . . . . . . . . . . . . . . . . . . . . 2 . . Stealth | -11 -10 -10 -10 -9 -8 -8 -7 -7 -7 -7 -6 -6 -6 -6 -6 -6 -6 -5 -5 -5 -5 -5 -5 -4 -4 -4 -4 -4 -4 -4 -4 -3 -3 -3 -2 -2 -1 -1 --------- Run | Scr Mat Min Exi Min Mat Gar Fac Gar Fac Gar Fac Was Fac Ext Cet Arc Hub Fac Was Fac Gar Fac Gar Fac Was Fac Gar Fac Upp Upp Zhi Pro Res Gar Res Gar Acc Com Distress Signals 39 | . 1 . . . 1 . 2 . . . 1 . . 3 1 . 3 2 . 2 . 2 . . . 2 . 3 . . . . 2 4 1 . 9 . Communications Jammed . | . . . . . . . . . . . . . . . . . . . . . . . . . . . . . . . . . . . . . . . Distress Signals . | . . . . . . . . . . . . . . . . . . . . . . . . . . . . . . . . . . . . . . . Times Spotted 1287 | . 23 7 . 8 37 25 46 27 36 40 93 5 3 54 5 9 59 90 1 42 52 91 23 59 5 86 24 48 5 9 . 12 50 44 30 36 75 28 Peak Tracking Total 14 | . 4 3 . 4 5 3 7 5 8 10 8 2 1 5 5 1 11 11 1 7 9 7 6 11 2 7 4 10 4 6 . 6 11 14 5 5 11 5 Tactical Retreats 66 | . . 1 . . 3 . 2 . 2 3 2 . . 2 . . 9 8 . . 7 2 3 . . 4 . 1 . 2 . 1 2 6 . 3 3 . Traps | -11 -10 -10 -10 -9 -8 -8 -7 -7 -7 -7 -6 -6 -6 -6 -6 -6 -6 -5 -5 -5 -5 -5 -5 -4 -4 -4 -4 -4 -4 -4 -4 -3 -3 -3 -2 -2 -1 -1 ------- Run | Scr Mat Min Exi Min Mat Gar Fac Gar Fac Gar Fac Was Fac Ext Cet Arc Hub Fac Was Fac Gar Fac Gar Fac Was Fac Gar Fac Upp Upp Zhi Pro Res Gar Res Gar Acc Com Traps Triggered 58 | . 1 . . . 1 . . 1 2 12 1 . 1 1 . . 3 1 . . 15 . 10 1 . . 1 . . . . . 1 1 . 1 3 1 Indirectly 23 | . . . . . . . . . . . . . . . . . 1 . . . 12 . 10 . . . . . . . . . . . . . . . Trap Hack Attempts 58 | . . . . . . 58 . . . . . . . . . . . . . . . . . . . . . . . . . . . . . . . . Triggered . | . . . . . . . . . . . . . . . . . . . . . . . . . . . . . . . . . . . . . . . Disarmed 3 | . . . . . . 3 . . . . . . . . . . . . . . . . . . . . . . . . . . . . . . . . Reprogrammed 4 | . . . . . . 4 . . . . . . . . . . . . . . . . . . . . . . . . . . . . . . . . Reused 2 | . . . . . . 2 . . . . . . . . . . . . . . . . . . . . . . . . . . . . . . . . Traps Extracted . | . . . . . . . . . . . . . . . . . . . . . . . . . . . . . . . . . . . . . . . Installed . | . . . . . . . . . . . . . . . . . . . . . . . . . . . . . . . . . . . . . . . Triggered 5 | . . . . . . 2 . . . . . . . . . . . 1 . . . . 2 . . . . . . . . . . . . . . . Machines | -11 -10 -10 -10 -9 -8 -8 -7 -7 -7 -7 -6 -6 -6 -6 -6 -6 -6 -5 -5 -5 -5 -5 -5 -4 -4 -4 -4 -4 -4 -4 -4 -3 -3 -3 -2 -2 -1 -1 ---------- Run | Scr Mat Min Exi Min Mat Gar Fac Gar Fac Gar Fac Was Fac Ext Cet Arc Hub Fac Was Fac Gar Fac Gar Fac Was Fac Gar Fac Upp Upp Zhi Pro Res Gar Res Gar Acc Com Machines Disabled 293 | . 27 . . 8 7 5 39 12 . 5 44 . . 3 . 7 34 26 . 5 5 11 8 6 . 15 5 3 . . . . 1 5 1 4 7 . Max in Single Turn 14 | . 3 . . 1 1 1 5 2 . 1 4 . . 1 . 1 14 6 . 1 1 4 1 1 . 4 1 1 . . . . 1 1 1 1 1 . Garrison Access 4 | . . . . . . . . . . . 1 . . . . . . . . . . . . . . . . . . . . . . . . . 3 . Garrison Relay 35 | . . . . . . 4 . 5 . 4 . . . . . . . . . . 4 . 4 . . . 4 . . . . . . 5 . 5 . . Phase Generator 1 | . . . . . . . . 1 . . . . . . . . . . . . . . . . . . . . . . . . . . . . . . Network Hub 3 | . . . . . . . . . . . . . . . . . 3 . . . . . . . . . . . . . . . . . . . . . Energy Cycler 1 | . . . . . . . . . . . . . . . . . . . . . . . . . . . . . . . . . . . . . 1 . Machines Sabotaged . | . . . . . . . . . . . . . . . . . . . . . . . . . . . . . . . . . . . . . . . Garrisons Compromised 1 | . . . . . . . . . . . . . . . . . . 1 . . . . . . . . . . . . . . . . . . . . Overloaded Fab Kills . | . . . . . . . . . . . . . . . . . . . . . . . . . . . . . . . . . . . . . . . Hacking | -11 -10 -10 -10 -9 -8 -8 -7 -7 -7 -7 -6 -6 -6 -6 -6 -6 -6 -5 -5 -5 -5 -5 -5 -4 -4 -4 -4 -4 -4 -4 -4 -3 -3 -3 -2 -2 -1 -1 --------- Run | Scr Mat Min Exi Min Mat Gar Fac Gar Fac Gar Fac Was Fac Ext Cet Arc Hub Fac Was Fac Gar Fac Gar Fac Was Fac Gar Fac Upp Upp Zhi Pro Res Gar Res Gar Acc Com Machines Accessed 106 | . 10 . 2 . 5 . 8 . 2 . 13 . 3 11 1 . 5 5 . 1 . 9 . . . 4 . 2 . . 4 . 4 . 3 . 9 5 Terminals 66 | . 7 . . . 1 . 6 . 1 . 8 . 3 11 1 . 5 3 . . . 4 . . . 3 . . . . . . 2 . 2 . 4 5 Fabricators 7 | . . . . . . . 1 . . . 2 . . . . . . . . . . 1 . . . . . . . . . . 1 . . . 2 . Repair Stations 8 | . 1 . . . 2 . . . . . 1 . . . . . . . . . . 3 . . . . . 1 . . . . . . . . . . Recycling Units 4 | . 2 . . . . . . . . . 1 . . . . . . 1 . . . . . . . . . . . . . . . . . . . . Scanalyzers 1 | . . . . . 1 . . . . . . . . . . . . . . . . . . . . . . . . . . . . . . . . . Garrison Access 14 | . . . . . 1 . 1 . 1 . 1 . . . . . . 1 . 1 . 1 . . . 1 . 1 . . . . 1 . 1 . 3 . Total Hacks 227 | . 23 . 2 . 18 . 16 . 2 . 24 . 4 19 3 . 8 9 . 1 . 25 . . . 16 . 2 . . 10 . 7 . 11 . 17 10 Successful 127 | . 14 . 2 . 17 . 7 . 1 . 13 . 2 8 . . 2 4 . 1 . 14 . . . 10 . 2 . . 10 . 4 . 6 . 8 2 Failed 100 | . 9 . . . 1 . 9 . 1 . 11 . 2 11 3 . 6 5 . . . 11 . . . 6 . . . . . . 3 . 5 . 9 8 Catastrophic 24 | . . . . . 1 . 1 . 1 . 4 . 1 3 . . 1 1 . . . 2 . . . 1 . . . . . . 2 . . . 1 5 Database Lockouts . | . . . . . . . . . . . . . . . . . . . . . . . . . . . . . . . . . . . . . . . Manual 116 | . 18 . 1 . 3 . 11 . 1 . 15 . 2 13 . . 6 4 . . . 9 . . . 8 . 1 . . . . 1 . 7 . 7 9 Terminals 148 | . 18 . . . 2 . 13 . 1 . 16 . 4 19 3 . 8 5 . . . 9 . . . 15 . . . . . . 4 . 10 . 11 10 Fabricators 13 | . . . . . . . 2 . . . 4 . . . . . . . . . . 2 . . . . . . . . . . 2 . . . 3 . Repair Stations 30 | . 3 . . . 12 . . . . . 1 . . . . . . . . . . 13 . . . . . 1 . . . . . . . . . . Recycling Units 7 | . 2 . . . . . . . . . 2 . . . . . . 3 . . . . . . . . . . . . . . . . . . . . Scanalyzers 2 | . . . . . 2 . . . . . . . . . . . . . . . . . . . . . . . . . . . . . . . . . Garrison Access 15 | . . . . . 2 . 1 . 1 . 1 . . . . . . 1 . 1 . 1 . . . 1 . 1 . . . . 1 . 1 . 3 . Terminal Hacks 41 | . 4 . 2 . . . 1 . . . 6 . 1 5 . . 1 . . . . 1 . . . 5 . . . . 10 . . . 2 . 2 1 Record 3 | . . . 1 . . . . . . . . . . . . . . . . . . . . . . . . . . . 2 . . . . . . . Part Schematic 6 | . 1 . . . . . . . . . 1 . . . . . . . . . . . . . . . . . . . 4 . . . . . . . Robot Analysis 2 | . 2 . . . . . . . . . . . . . . . . . . . . . . . . . . . . . . . . . . . . . Prototype ID Bank 8 | . . . . . . . 1 . . . . . . . . . . . . . . . . . . 2 . . . . 4 . . . 1 . . . Open Door 4 | . . . . . . . . . . . . . 1 2 . . . . . . . . . . . . . . . . . . . . . . . 1 Open DSF 1 | . . . . . . . . . . . 1 . . . . . . . . . . . . . . . . . . . . . . . . . . . Branch Access Points 1 | . . . . . . . . . . . . . . . . . . . . . . . . . . . . . . . . . . . . . 1 . Terminal Index 1 | . . . . . . . . . . . . . . 1 . . . . . . . . . . . . . . . . . . . . . . . . Unreport Threat 8 | . . . . . . . . . . . 3 . . 2 . . . . . . . . . . . 2 . . . . . . . . . . 1 . Locate Traps 1 | . 1 . . . . . . . . . . . . . . . . . . . . . . . . . . . . . . . . . . . . . Hauler Manifests 3 | . . . . . . . . . . . . . . . . . . . . . . 1 . . . 1 . . . . . . . . 1 . . . Zone Layout 2 | . . . . . . . . . . . 1 . . . . . 1 . . . . . . . . . . . . . . . . . . . . . EX-Prototype ID Bank 1 | . . . 1 . . . . . . . . . . . . . . . . . . . . . . . . . . . . . . . . . . . Fabricator Hacks 6 | . . . . . . . . . . . 2 . . . . . . . . . . 2 . . . . . . . . . . 2 . . . . . Load Schematic 3 | . . . . . . . . . . . 1 . . . . . . . . . . 1 . . . . . . . . . . 1 . . . . . Build 3 | . . . . . . . . . . . 1 . . . . . . . . . . 1 . . . . . . . . . . 1 . . . . . Repair Station Hacks 23 | . 2 . . . 12 . . . . . . . . . . . . . . . . 9 . . . . . . . . . . . . . . . . Scan Component 12 | . 1 . . . 6 . . . . . . . . . . . . . . . . 5 . . . . . . . . . . . . . . . . Repair 11 | . 1 . . . 6 . . . . . . . . . . . . . . . . 4 . . . . . . . . . . . . . . . . Recycling Unit Hacks 3 | . . . . . . . . . . . 1 . . . . . . 2 . . . . . . . . . . . . . . . . . . . . Process 1 | . . . . . . . . . . . . . . . . . . 1 . . . . . . . . . . . . . . . . . . . . Report Inventory 1 | . . . . . . . . . . . 1 . . . . . . . . . . . . . . . . . . . . . . . . . . . Retrieve Matter 1 | . . . . . . . . . . . . . . . . . . 1 . . . . . . . . . . . . . . . . . . . . Scanalyzer 2 | . . . . . 2 . . . . . . . . . . . . . . . . . . . . . . . . . . . . . . . . . Insert Component 1 | . . . . . 1 . . . . . . . . . . . . . . . . . . . . . . . . . . . . . . . . . Analyze 1 | . . . . . 1 . . . . . . . . . . . . . . . . . . . . . . . . . . . . . . . . . Garrison Access Hacks 14 | . . . . . 1 . 1 . 1 . 1 . . . . . . 1 . 1 . 1 . . . 1 . 1 . . . . 1 . 1 . 3 . Unlock Access 10 | . . . . . 1 . 1 . 1 . . . . . . . . 1 . 1 . 1 . . . 1 . 1 . . . . 1 . 1 . . . Seal Access 4 | . . . . . . . . . . . 1 . . . . . . . . . . . . . . . . . . . . . . . . . 3 . Unauthorized Hacks 38 | . 8 . . . 2 . 5 . . . 3 . 1 3 . . 1 1 . . . 1 . . . 4 . 1 . . . . 1 . 3 . 3 1 Terminals 30 | . 5 . . . 1 . 5 . . . 2 . 1 3 . . 1 1 . . . . . . . 4 . . . . . . 1 . 3 . 2 1 Track 4 | . 1 . . . 1 . 1 . . . . . . . . . . . . . . . . . . 1 . . . . . . . . . . . . Assimilate 2 | . . . . . . . 2 . . . . . . . . . . . . . . . . . . . . . . . . . . . . . . . Botnet 21 | . 3 . . . . . 1 . . . 2 . 1 3 . . 1 1 . . . . . . . 3 . . . . . . 1 . 2 . 2 1 Operators 3 | . 1 . . . . . 1 . . . . . . . . . . . . . . . . . . . . . . . . . . . 1 . . . Fabricators 1 | . . . . . . . . . . . . . . . . . . . . . . . . . . . . . . . . . . . . . 1 . Liberate 1 | . . . . . . . . . . . . . . . . . . . . . . . . . . . . . . . . . . . . . 1 . Repair Stations 3 | . 1 . . . . . . . . . . . . . . . . . . . . 1 . . . . . 1 . . . . . . . . . . Mechanics 3 | . 1 . . . . . . . . . . . . . . . . . . . . 1 . . . . . 1 . . . . . . . . . . Recycling Units 3 | . 2 . . . . . . . . . 1 . . . . . . . . . . . . . . . . . . . . . . . . . . . Reject 2 | . 2 . . . . . . . . . . . . . . . . . . . . . . . . . . . . . . . . . . . . . Tunnel 1 | . . . . . . . . . . . 1 . . . . . . . . . . . . . . . . . . . . . . . . . . . Scanalyzers . | . . . . . . . . . . . . . . . . . . . . . . . . . . . . . . . . . . . . . . . Garrison Access 1 | . . . . . 1 . . . . . . . . . . . . . . . . . . . . . . . . . . . . . . . . . Reprogram 1 | . . . . . 1 . . . . . . . . . . . . . . . . . . . . . . . . . . . . . . . . . Data Cores Recovered 1 | . . . . . . . . . 1 . . . . . . . . . . . . . . . . . . . . . . . . . . . . . Used . | . . . . . . . . . . . . . . . . . . . . . . . . . . . . . . . . . . . . . . . Hacking Detections 67 | . 7 . . . 3 . 6 . 1 . 11 . 2 10 1 . 5 3 . . . 4 . . . 3 . . . . . . 2 . 1 . 5 3 Full Trace Events 5 | . 1 . . . . . . . . . 1 . . 1 . . . . . . . 1 . . . . . . . . . . 1 . . . . . Feedback Events . | . . . . . . . . . . . . . . . . . . . . . . . . . . . . . . . . . . . . . . . Feedback Blocked . | . . . . . . . . . . . . . . . . . . . . . . . . . . . . . . . . . . . . . . . Robot Schematics Acquired . | . . . . . . . . . . . . . . . . . . . . . . . . . . . . . . . . . . . . . . . Robots Built . | . . . . . . . . . . . . . . . . . . . . . . . . . . . . . . . . . . . . . . . Authchips . | . . . . . . . . . . . . . . . . . . . . . . . . . . . . . . . . . . . . . . . Time . | . . . . . . . . . . . . . . . . . . . . . . . . . . . . . . . . . . . . . . . Total Robot Build Rating . | . . . . . . . . . . . . . . . . . . . . . . . . . . . . . . . . . . . . . . . Part Schematics Acquired 6 | . 1 . . . 1 . . . . . . . . . . . . . . . . . . . . . . . . . 4 . . . . . . . Parts Built 3 | . . . . . . . . . . . 1 . . . . . . . . . . 1 . . . . . . . . . . 1 . . . . . Authchips . | . . . . . . . . . . . . . . . . . . . . . . . . . . . . . . . . . . . . . . . Time 93 | . . . . . . . . . . . 25 . . . . . . . . . . 51 . . . . . . . . . . 17 . . . . . Total Part Build Rating 3 | . . . . . . . . . . . 1 . . . . . . . . . . 1 . . . . . . . . . . 1 . . . . . Parts Repaired 11 | . 1 . . . 6 . . . . . . . . . . . . . . . . 4 . . . . . . . . . . . . . . . . Time 540 | . 26 . . . 204 . . . . . . . . . . . . . . . . 310 . . . . . . . . . . . . . . . . Parts Recycled . | . . . . . . . . . . . . . . . . . . . . . . . . . . . . . . . . . . . . . . . Recycled Matter . | . . . . . . . . . . . . . . . . . . . . . . . . . . . . . . . . . . . . . . . Retrieved Matter . | . . . . . . . . . . . . . . . . . . . . . . . . . . . . . . . . . . . . . . . Retrieved Components . | . . . . . . . . . . . . . . . . . . . . . . . . . . . . . . . . . . . . . . . Parts Scanalyzed 1 | . . . . . 1 . . . . . . . . . . . . . . . . . . . . . . . . . . . . . . . . . Part Schematics Acquired 1 | . . . . . 1 . . . . . . . . . . . . . . . . . . . . . . . . . . . . . . . . . Parts Damaged . | . . . . . . . . . . . . . . . . . . . . . . . . . . . . . . . . . . . . . . . Bothacking | -11 -10 -10 -10 -9 -8 -8 -7 -7 -7 -7 -6 -6 -6 -6 -6 -6 -6 -5 -5 -5 -5 -5 -5 -4 -4 -4 -4 -4 -4 -4 -4 -3 -3 -3 -2 -2 -1 -1 ------------ Run | Scr Mat Min Exi Min Mat Gar Fac Gar Fac Gar Fac Was Fac Ext Cet Arc Hub Fac Was Fac Gar Fac Gar Fac Was Fac Gar Fac Upp Upp Zhi Pro Res Gar Res Gar Acc Com Used RIF Installer 8 | . . . . . . 1 . 1 . 1 . . . . . . . . . . 1 . 1 . . . 1 . . . . . . 1 . 1 . . Coupler Efficiency 2 | . . . . . . . . . . . . . . . . . . . . . 1 . . . . . . . . . . . . . . 1 . . Hotswap 1 | . . . . . . . . 1 . . . . . . . . . . . . . . . . . . . . . . . . . . . . . . Threat Obfuscator 1 | . . . . . . . . . . . . . . . . . . . . . . . . . . . . . . . . . . 1 . . . . Patrol Navigation 1 | . . . . . . . . . . 1 . . . . . . . . . . . . . . . . . . . . . . . . . . . . Alert ID Control 1 | . . . . . . . . . . . . . . . . . . . . . . . . . . . 1 . . . . . . . . . . . Structural Interface 1 | . . . . . . . . . . . . . . . . . . . . . . . 1 . . . . . . . . . . . . . . . Robots Hacked 67 | . . . . . . 1 1 5 2 9 4 6 . . . . . 1 . . 1 1 . 2 6 1 3 2 . . 3 . 1 4 3 6 5 . Non-combat 20 | . . . . . . . 1 . 2 . 2 . . . . . . 1 . . . 1 . 2 . 1 . 2 . . . . 1 . 2 . 5 . Combat 47 | . . . . . . 1 . 5 . 9 2 6 . . . . . . . . 1 . . . 6 . 3 . . . 3 . . 4 1 6 . . Robot Hacks Applied 90 | . . . . . . 1 3 5 2 9 4 9 . . . . . 1 . . 1 11 . 2 6 2 3 2 . . 3 . 1 4 5 6 10 . parse_system 4 | . . . . . . . . . . . . . . . . . . . . . 1 . . . . . . . . . 3 . . . . . . . no_distress 5 | . . . . . . . . . . . . . . . . . . . . . . . . . . . . 1 . . . . 1 . . . 3 . find_chute 2 | . . . . . . . . . . . 1 . . . . . . . . . . . . 1 . . . . . . . . . . . . . . find_fabricator 1 | . . . . . . . . . . . . . . . . . . . . . . . . . . . . . . . . . . . 1 . . . drop_inventory 4 | . . . . . . . . . . . . . . . . . . . . . . . . . . . . . . . . . . . 2 . 2 . find_recycling 1 | . . . . . . . . . . . . . . . . . . 1 . . . . . . . . . . . . . . . . . . . . purge_threat 18 | . . . . . . . 2 . . . . . . . . . . . . . . 10 . . . 1 . . . . . . . . . . 5 . disarm_traps 2 | . . . . . . . 1 . . . . . . . . . . . . . . . . . . 1 . . . . . . . . . . . . block_reporting 2 | . . . . . . . . . 1 . . . . . . . . . . . . 1 . . . . . . . . . . . . . . . . ignore_targets 14 | . . . . . . . . . . . . 8 . . . . . . . . . . . . 6 . . . . . . . . . . . . . find_garrison 1 | . . . . . . . . . . . . . . . . . . . . . . . . . . . . . . . . . . . 1 . . . overload_power 1 | . . . . . . . . . . . . 1 . . . . . . . . . . . . . . . . . . . . . . . . . . disable_weapons 2 | . . . . . . . . . . . . . . . . . . . . . . . . . . . . . . . . . . 2 . . . . reboot_system 1 | . . . . . . . . . . . . . . . . . . . . . . . . . . . 1 . . . . . . . . . . . overwrite_iff 3 | . . . . . . . . 1 . 2 . . . . . . . . . . . . . . . . . . . . . . . . . . . . streamctrl_high 1 | . . . . . . . . . . 1 . . . . . . . . . . . . . . . . . . . . . . . . . . . . formatsys_low 4 | . . . . . . . . . 1 . 1 . . . . . . . . . . . . 1 . . . 1 . . . . . . . . . . formatsys_high 24 | . . . . . . 1 . 4 . 6 2 . . . . . . . . . . . . . . . 2 . . . . . . 2 1 6 . . Relay Couplers Released 147 | . . . . . . 13 . 21 . 18 . . . . . . . 3 . . 16 . 18 . . . 19 . . . . . . 21 . 18 . . Machine Destruction 147 | . . . . . . 13 . 21 . 18 . . . . . . . 3 . . 16 . 18 . . . 19 . . . . . . 21 . 18 . . Attached 37 | . . . . . . 1 1 3 2 4 3 1 . . . . . . . . 1 1 5 . . . 5 1 . . . . . 5 1 2 1 . Fabnet Peak Effective % . | . . . . . . . . . . . . . . . . . . . . . . . . . . . . . . . . . . . . . . . Robots Rewired 35 | . . . . . . . . . . . . . . 17 . . . . . . 6 . . . . . . . . . . . . 6 . 6 . . Allies Hacked 2 | . . . . . . . . . . . . . . . . . . . . 1 . . . . . . . . . . . . . . . . 1 . Hacks Repelled . | . . . . . . . . . . . . . . . . . . . . . . . . . . . . . . . . . . . . . . . Allies | -11 -10 -10 -10 -9 -8 -8 -7 -7 -7 -7 -6 -6 -6 -6 -6 -6 -6 -5 -5 -5 -5 -5 -5 -4 -4 -4 -4 -4 -4 -4 -4 -3 -3 -3 -2 -2 -1 -1 -------- Run | Scr Mat Min Exi Min Mat Gar Fac Gar Fac Gar Fac Was Fac Ext Cet Arc Hub Fac Was Fac Gar Fac Gar Fac Was Fac Gar Fac Upp Upp Zhi Pro Res Gar Res Gar Acc Com Total Allies 99 | . . . . . 3 1 . 5 1 14 3 . . 20 . . . . 18 . 6 . . 1 . . 2 1 . . . . . 8 1 12 3 . Largest Group 18 | . . . . . 3 1 . 4 3 5 5 . . 10 9 2 . . 18 10 6 6 . 1 . . 2 3 . . . . . 6 7 12 12 . Highest-Rated Group 656 | . . . . . 48 16 . 96 61 124 124 . . 290 240 47 . . 656 401 180 180 . 30 . . 105 128 . . . . . 384 442 616 616 . Highest-Rated Ally 69 | . . . . . 16 16 . 32 24 32 32 . . 39 31 28 . . 50 50 30 30 . 30 . . 58 58 . . . . . 64 64 69 69 . Total Orders 86 | . . . . . . . . 10 6 9 15 . . 1 1 . . . . . 2 . . 12 . . 8 8 . . . . . 6 3 5 . . STAY 46 | . . . . . . . . 6 4 5 7 . . . . . . . . . 1 . . 5 . . 4 3 . . . . . 5 2 4 . . ROAM 1 | . . . . . . . . . . . . . . . . . . . . . . . . . . . . 1 . . . . . . . . . . FOLLOW 24 | . . . . . . . . 4 1 3 4 . . . . . . . . . 1 . . 3 . . 3 2 . . . . . 1 1 1 . . GUARD 3 | . . . . . . . . . . 1 . . . 1 . . . . . . . . . . . . 1 . . . . . . . . . . . AID 12 | . . . . . . . . . 1 . 4 . . . 1 . . . . . . . . 4 . . . 2 . . . . . . . . . . Ally Attacks 790 | . . . . . 19 . . 10 22 33 22 . . 93 31 3 . . 105 214 . 28 . . . . 51 10 . . . . . 5 65 13 66 . Total Damage 23188 | . . . . . 273 . . 192 282 649 1490 . . 1700 599 71 . . 3750 6195 . 656 . . . . 1716 290 . . . . . 316 2055 390 2564 . Kills 122 | . . . . . 3 . . 4 4 3 7 . . 10 2 . . . 13 41 . 3 . . . . 3 1 . . . . . . 13 2 13 . Allies Corrupted 6 | . . . . . . . . . . 1 . . . . . . . . . 1 . 1 . . . . . . . . . . . . . . 3 . Allies Melted 4 | . . . . . . . . . 1 . 1 . . 1 . . . 1 . . . . . . . . . . . . . . . . . . . . Field Lobotomies 5 | . . . . . . . . . . 5 . . . . . . . . . . . . . . . . . . . . . . . . . . . . Intel | -11 -10 -10 -10 -9 -8 -8 -7 -7 -7 -7 -6 -6 -6 -6 -6 -6 -6 -5 -5 -5 -5 -5 -5 -4 -4 -4 -4 -4 -4 -4 -4 -3 -3 -3 -2 -2 -1 -1 ------- Run | Scr Mat Min Exi Min Mat Gar Fac Gar Fac Gar Fac Was Fac Ext Cet Arc Hub Fac Was Fac Gar Fac Gar Fac Was Fac Gar Fac Upp Upp Zhi Pro Res Gar Res Gar Acc Com Robot Analysis Total 2 | . 2 . . . . . . . . . . . . . . . . . . . . . . . . . . . . . . . . . . . . . Derelict Logs Recovered 5 | . . 2 . 1 . . . . . . . . . . . . . . . . . . . . . . . . 2 . . . . . . . . . Drone Launches . | . . . . . . . . . . . . . . . . . . . . . . . . . . . . . . . . . . . . . . . Drone Recoveries . | . . . . . . . . . . . . . . . . . . . . . . . . . . . . . . . . . . . . . . . Exploration | -11 -10 -10 -10 -9 -8 -8 -7 -7 -7 -7 -6 -6 -6 -6 -6 -6 -6 -5 -5 -5 -5 -5 -5 -4 -4 -4 -4 -4 -4 -4 -4 -3 -3 -3 -2 -2 -1 -1 ------------- Run | Scr Mat Min Exi Min Mat Gar Fac Gar Fac Gar Fac Was Fac Ext Cet Arc Hub Fac Was Fac Gar Fac Gar Fac Was Fac Gar Fac Upp Upp Zhi Pro Res Gar Res Gar Acc Com Turns Passed 92352 | 115 4020 1038 763 2002 2892 6842 2702 6346 842 4543 3637 342 433 3043 197 1042 2226 2307 5922 1064 3541 4157 2362 2008 3084 3590 3022 1273 1172 218 410 1033 1777 3506 1098 3589 2653 1541 Spaces Moved 40859 | 56 2022 613 476 888 1131 3000 1227 3435 425 2646 1441 128 245 1459 92 597 824 1191 650 469 1577 1510 1179 593 1276 1481 1309 461 691 162 252 967 567 1827 505 1790 1165 532 Core 260 | 2 . . . . . . . . . . . . . . . . . . . . . . . . . . . . . 101 121 . . . . . . 36 Treads 35402 | 54 2022 613 476 888 1131 3000 1227 3435 309 1283 1193 128 245 1459 92 597 738 . 567 469 1577 1510 1179 593 1276 1481 1309 461 691 26 . . 532 885 505 1790 1165 496 Legs 2302 | . . . . . . . . . . . . . . . . . 86 1191 83 . . . . . . . . . . . . . . 942 . . . . Wheels 1525 | . . . . . . . . . . 1242 248 . . . . . . . . . . . . . . . . . . 35 . . . . . . . . Hover 1370 | . . . . . . . . . 116 121 . . . . . . . . . . . . . . . . . . . . 131 967 35 . . . . . Flight . | . . . . . . . . . . . . . . . . . . . . . . . . . . . . . . . . . . . . . . . Fastest Speed 42 | 50 160 160 160 160 160 166 160 160 102 102 115 160 160 160 160 160 100 100 100 163 163 160 163 162 160 160 162 163 162 50 42 42 42 120 145 148 155 50 Average Speed 154 | 156 160 160 160 160 165 166 163 164 147 134 158 161 160 160 160 161 161 122 153 163 163 163 163 162 160 162 162 163 162 93 48 93 150 141 156 151 160 154 Slowest Speed 320 | 160 160 160 160 160 166 166 245 240 320 162 320 240 160 160 160 240 240 240 163 163 163 245 163 243 240 245 163 163 163 185 100 96 250 240 160 161 163 250 Overloaded Moves . | . . . . . . . . . . . . . . . . . . . . . . . . . . . . . . . . . . . . . . . Propulsion Burnouts . | . . . . . . . . . . . . . . . . . . . . . . . . . . . . . . . . . . . . . . . Robots Hopped 1 | . . . . . . . . 1 . . . . . . . . . . . . . . . . . . . . . . . . . . . . . . Cave-ins Triggered . | . . . . . . . . . . . . . . . . . . . . . . . . . . . . . . . . . . . . . . . Exploration Rate (%) 57 | 6 100 73 71 99 40 97 20 99 9 89 23 71 8 99 54 92 78 22 97 5 94 28 93 5 100 27 97 11 74 43 62 78 9 96 11 87 40 17 Regions Visited 38 Branch Regions 12 Pre-discovered Areas 6 | . . 1 1 2 . . . . . . 1 . . . . . . . . . . . . . . . . . 1 . . . . . . . . . Known Exits Taken 9 | . . . . . 1 . 1 . 1 . . . . . . . . . . 1 . 1 . . . 1 . . . . . . 1 . 1 . 1 . Unknown Exits Taken 15 | 1 1 1 1 1 . . . . . . . . 1 1 1 1 1 . . . . . . . . . . 1 1 1 1 1 . . . . . . Scrap Searched 5 | . . . . 1 . . . . . . . . . . . . . . . . . . . . . . . . 2 . . 2 . . . . . . Spaces Dug 164 | . 1 . . . 2 48 2 7 . 49 2 . 3 4 . . 9 2 . . 1 4 . . 8 3 . . . . . . 1 6 . . 10 2 Terrain Destroyed 2662 | . 146 . . . 2 60 136 244 . 49 319 . 3 53 3 8 578 238 . 6 34 63 32 302 11 136 20 83 9 7 . . 1 19 5 17 69 9 Melee 151 | . 1 . . . 2 48 2 7 . 49 2 . 3 . . . 3 2 . . 1 4 . . 8 . . . . . . . 1 6 . . 10 2 Projectile 373 | . . . . . . . 3 . . . 10 . . 51 3 8 63 38 . 6 6 22 6 13 3 30 18 21 9 7 . . . 11 4 13 22 6 AOE 2122 | . 145 . . . . 12 131 237 . . 306 . . . . . 510 198 . . 27 37 26 289 . 105 . 62 . . . . . . . 3 34 . Terrain Rammed . | . . . . . . . . . . . . . . . . . . . . . . . . . . . . . . . . . . . . . . . Walls Destroyed . | . . . . . . . . . . . . . . . . . . . . . . . . . . . . . . . . . . . . . . . Machines Disabled . | . . . . . . . . . . . . . . . . . . . . . . . . . . . . . . . . . . . . . . . Actions | -11 -10 -10 -10 -9 -8 -8 -7 -7 -7 -7 -6 -6 -6 -6 -6 -6 -6 -5 -5 -5 -5 -5 -5 -4 -4 -4 -4 -4 -4 -4 -4 -3 -3 -3 -2 -2 -1 -1 --------- Run | Scr Mat Min Exi Min Mat Gar Fac Gar Fac Gar Fac Was Fac Ext Cet Arc Hub Fac Was Fac Gar Fac Gar Fac Was Fac Gar Fac Upp Upp Zhi Pro Res Gar Res Gar Acc Com Total 63538 | 73 2459 655 478 1423 1953 4390 1610 4011 562 3352 2311 204 269 1981 132 651 1367 1749 5573 720 2394 2844 1526 1416 2184 2331 2062 781 722 190 520 1032 1255 2532 723 2555 1630 918 Wait 16491 | . 139 22 . 499 640 989 151 429 55 333 485 11 8 259 19 21 243 304 4883 210 631 1030 248 610 785 586 621 169 18 1 241 10 445 420 90 538 185 163 Move 40825 | 55 2021 612 475 887 1130 2999 1226 3432 425 2645 1441 127 244 1458 91 596 823 1191 649 468 1576 1509 1178 593 1275 1480 1308 460 690 161 251 966 567 1826 505 1789 1164 532 Hop 1 | . . . . . . . . 1 . . . . . . . . . . . . . . . . . . . . . . . . . . . . . . Pick Up 448 | 6 23 3 1 1 21 16 14 15 2 28 31 2 1 19 4 3 35 24 6 . 9 14 1 11 11 11 10 9 1 . 2 . 23 23 15 16 24 13 Fast Attach 443 | 7 1 2 . 1 7 6 17 7 3 6 19 9 1 10 3 8 12 10 7 8 10 30 12 7 4 24 16 9 2 . 8 15 42 40 16 19 22 23 Attach 239 | . 3 . . . 11 5 6 8 6 16 16 1 4 4 . . 22 14 4 . 5 6 . 11 6 6 5 9 2 9 2 . 3 17 4 7 12 15 Detach 61 | . . . . . 1 3 1 1 6 2 4 2 . 1 . . . 7 1 1 2 2 . 4 2 4 1 2 . 2 1 . 1 3 2 1 2 2 Swap 498 | 1 9 1 1 7 16 32 26 19 6 20 52 1 2 9 1 . 21 32 9 5 19 45 12 22 8 38 4 11 . . . 1 4 11 9 10 27 7 Drop 673 | . 15 5 1 2 16 24 26 22 3 26 32 13 1 29 9 10 23 25 14 8 15 41 14 16 14 28 25 15 2 . 1 3 26 44 35 27 36 27 Fire 2667 | 4 178 10 . 15 93 122 114 61 56 112 201 9 2 86 5 13 128 122 . 19 120 161 58 137 46 153 72 96 7 15 5 14 25 99 47 66 133 63 Melee 807 | . 70 . . 11 18 135 29 16 . 62 30 29 6 . . . 60 20 . 1 1 6 . 5 33 1 . . . 2 9 23 119 25 . . 23 73 Ram . | . . . . . . . . . . . . . . . . . . . . . . . . . . . . . . . . . . . . . . . Kick . | . . . . . . . . . . . . . . . . . . . . . . . . . . . . . . . . . . . . . . . Crush 3 | . . . . . . . . . . . . . . . . . . . . . . . . . . . . 1 . . . . . . . . 2 . Escape Stasis 112 | . . . . . . . . . . 101 . . . . . . . . . . 6 . 3 . . . . . . . . . . 2 . . . . Rewire 212 | . . . . . . 1 . . . 1 . . . 106 . . . . . . . . . . . . . . . . . . . 22 . 82 . . Trap 58 | . . . . . . 58 . . . . . . . . . . . . . . . . . . . . . . . . . . . . . . . . Miscellaneous . | . . . . . . . . . . . . . . . . . . . . . . . . . . . . . . . . . . . . . . . Route ------- -11/Scrapyard -10/Materials (discovered 4 exits: [*Mat x3] / [*Min]) -10/Mines (discovered 3 exits: [*Mat x2] / *Exi) -10/Exiles -9/Mines (discovered 2 exits: *Mat x2) -8/Materials (discovered 2 exits: *Fac / Gar) -8/Garrison (discovered 3 exits: *Fac x3) -7/Factory (discovered 2 exits: [*Low] / Gar) -7/Garrison (discovered 3 exits: *Fac x3) -7/Factory -7/Garrison (discovered 3 exits: *Fac x3) -6/Factory -6/Waste -6/Factory -6/Extension (discovered 2 exits: *Fac / *Cet) -6/Cetus -6/Archives (discovered 3 exits: *Fac / *Hub x2) -6/Hub_04(d) (discovered 3 exits: *Fac x3) -5/Factory -5/Waste -5/Factory -5/Garrison (discovered 3 exits: *Fac x3) -5/Factory (discovered 3 exits: [*Fac] / [*Upp] / Gar) -5/Garrison (discovered 3 exits: [*Fac x3]) -4/Factory -4/Waste -4/Factory (discovered 4 exits: *Res x2 / [*Upp] / Gar) -4/Garrison (discovered 3 exits: *Fac x3) -4/Factory (discovered 3 exits: *Res / [*Upp] / Gar) -4/Upper Caves -4/Upper Caves -4/Zhirov -3/Proximity Caves -3/Research -3/Garrison (discovered 3 exits: *Res x3) -2/Research -2/Garrison (discovered 3 exits: *Acc x3) -1/Access -1/Command 0b10 Command History --------- Turn | Location | Event 2 | -11/Scrapyard | Met Revision 17 29 | -11/Scrapyard | Discovered new exit (range 15) 116 | -11/Scrapyard | Entered Materials 303 | -10/Materials | Build established: Mutant 402 | -10/Materials | Discovered new exit (range 16) 1589 | -10/Materials | Discovered new exit (range 11) 1658 | -10/Materials | Discovered new exit (range 11) 1909 | -10/Materials | Discovered new exit (range 16) 3863 | -10/Materials | Repaired Seismic Detector 4136 | -10/Materials | Entered Mines 4244 | -10/Mines | Joined a pair of Derelicts in attacking an 0b10 outpost 4683 | -10/Mines | Discovered new exit (range 6) 4711 | -10/Mines | Learned location of Mines (-9) 4789 | -10/Mines | Deemed a non-threat by the Exiles lab entrance 4791 | -10/Mines | Discovered new exit (range 5) 4858 | -10/Mines | Discovered new exit (range 13) 5001 | -10/Mines | Assembled infested the area 5006 | -10/Mines | Assisted by a Guerilla fighting off Assembled 5015 | -10/Mines | Learned Materials garrison access intel 5174 | -10/Mines | Entered Exiles 5230 | -10/Exiles | Met 8R-AWN 5267 | -10/Exiles | Met EX-HEX 5333 | -10/Exiles | Met EX-BIN 5363 | -10/Exiles | Aligned with FarCom system 5365 | -10/Exiles | Given EX-Vault access code 5416 | -10/Exiles | Opened EX-Vault 5433 | -10/Exiles | Found Field Lobotomy Kit 5469 | -10/Exiles | Warned to stay clear of 0b10 Research branches 5525 | -10/Exiles | Met EX-DEC 5537 | -10/Exiles | Learned location of Zion (-7) 5611 | -10/Exiles | Discovered new exit (range 14) 5937 | -10/Exiles | Left Exiles lab with Field Lobotomy Kit 5937 | -10/Exiles | Entered Mines 6178 | -9/Mines | Learned location of Storage (-9) 6223 | -9/Mines | Found a damaged Exp. Sensor Array with a note attached 7396 | -9/Mines | Received a Rocket Launcher from a helpful Derelict 7426 | -9/Mines | Discovered new exit (range 7) 7641 | -9/Mines | Discovered new exit (range 15) 7939 | -9/Mines | Entered Materials 7939 | -8/Materials | Evolved 4 slots: Propulsion x1, Utility x1, Weapon x2 7940 | -8/Materials | Loaded intel: 1 garrison access location 8227 | -8/Materials | Build established: Tank 8743 | -8/Materials | Discovered new exit (range 16) 8798 | -8/Materials | Repaired Imp. Treads 8824 | -8/Materials | Repaired Lgt. Armor Plating 8856 | -8/Materials | Repaired Autogun 9349 | -8/Materials | Garrison activated, responded to threat 9496 | -8/Materials | Garrison activated, responded to threat 9610 | -8/Materials | Identified exit to Garrison 9908 | -8/Materials | Build established: Scavenger-Skirmisher 10163 | -8/Materials | Lost 4 parts (1p1u2w) 10576 | -8/Materials | Repaired Arm. Treads 10609 | -8/Materials | Repaired Imp. Treads 10655 | -8/Materials | Repaired Gauss Rifle 10831 | -8/Materials | Entered Garrison 11017 | -8/Garrison | Triggered checkpoint 11088 | -8/Garrison | Discovered new exit (range 15) 11172 | -8/Garrison | Triggered checkpoint 11332 | -8/Garrison | Discovered new exit (range 13) 11418 | -8/Garrison | Triggered checkpoint 11470 | -8/Garrison | Discovered new exit (range 10) 11500 | -8/Garrison | Installed Relay Interface Framework 11776 | -8/Garrison | Triggered checkpoint 11881 | -8/Garrison | Garrison Relay disabled 12202 | -8/Garrison | Triggered checkpoint 12395 | -8/Garrison | Garrison Relay disabled 12699 | -8/Garrison | Build established: Scavenger-Mutant 12861 | -8/Garrison | Triggered checkpoint 13048 | -8/Garrison | Garrison Relay disabled 13835 | -8/Garrison | Build established: Mutant 14224 | -8/Garrison | Build established: Scavenger-Mutant 14412 | -8/Garrison | Triggered checkpoint 14480 | -8/Garrison | Garrison Relay disabled 16719 | -8/Garrison | Build established: Scavenger-Tank 16889 | -8/Garrison | Triggered checkpoint 17673 | -8/Garrison | Entered Factory 17673 | -7/Factory | Evolved 2 slots: Power x1, Utility x1 18944 | -7/Factory | Identified exit to Garrison 19366 | -7/Factory | Discovered new exit (range 5) 19673 | -7/Factory | First assault squad dispatched 20375 | -7/Factory | Entered Garrison 20425 | -7/Garrison | Triggered checkpoint 20623 | -7/Garrison | Discovered new exit (range 14) 20700 | -7/Garrison | Garrison Relay disabled 20937 | -7/Garrison | Discovered new exit (range 11) 21006 | -7/Garrison | Triggered checkpoint 21079 | -7/Garrison | Discovered new exit (range 10) 21106 | -7/Garrison | Expanded RIF knowledge: Hotswap 21232 | -7/Garrison | Triggered checkpoint 21266 | -7/Garrison | Garrison Relay disabled 21550 | -7/Garrison | Build established: Scavenger-Mutant 21840 | -7/Garrison | Triggered checkpoint 22121 | -7/Garrison | Build established: Scavenger-Tank 22266 | -7/Garrison | Triggered checkpoint 22313 | -7/Garrison | Garrison Relay disabled 22621 | -7/Garrison | Build established: Scavenger-Mutant 23718 | -7/Garrison | Triggered checkpoint 24072 | -7/Garrison | Triggered checkpoint 24615 | -7/Garrison | Build established: Scavenger-Tank 25035 | -7/Garrison | Garrison Relay disabled 25295 | -7/Garrison | Phase Generator disabled 25896 | -7/Garrison | Garrison Relay disabled 25950 | -7/Garrison | Build established: Scavenger-Mutant 26406 | -7/Garrison | Build established: Scavenger-Tank 26721 | -7/Garrison | Entered Factory 26721 | -7/Factory | Accompanied by 3 allies 27121 | -7/Factory | First assault squad dispatched 27237 | -7/Factory | Core integrity fell below 50% 27343 | -7/Factory | System corruption reached 10% 27563 | -7/Factory | Identified exit to Garrison 27563 | -7/Factory | Entered Garrison 27791 | -7/Garrison | Assimilated G-47 Trooper with FLK Orb 27794 | -7/Garrison | Triggered checkpoint 27794 | -7/Garrison | Assimilated H-55 Commando with FLK Orb 27797 | -7/Garrison | Assimilated G-47 Trooper with FLK Orb 27800 | -7/Garrison | Assimilated G-47 Trooper with FLK Orb 27803 | -7/Garrison | Assimilated G-47 Trooper with FLK Orb 27858 | -7/Garrison | Garrison Relay disabled 28150 | -7/Garrison | Triggered checkpoint 28207 | -7/Garrison | Discovered new exit (range 10) 28402 | -7/Garrison | Triggered checkpoint 28455 | -7/Garrison | Build established: Scavenger-Mutant 28499 | -7/Garrison | Discovered new exit (range 13) 28529 | -7/Garrison | Expanded RIF knowledge: Patrol Navigation 28712 | -7/Garrison | Triggered checkpoint 28970 | -7/Garrison | Triggered checkpoint 29138 | -7/Garrison | Garrison Relay disabled 29280 | -7/Garrison | Triggered checkpoint 29558 | -7/Garrison | Discovered new exit (range 10) 29654 | -7/Garrison | Triggered checkpoint 29713 | -7/Garrison | Core integrity fell below 20% 29824 | -7/Garrison | Garrison Relay disabled 30107 | -7/Garrison | Triggered checkpoint 30139 | -7/Garrison | Garrison Relay disabled 32106 | -7/Garrison | Entered Factory 32106 | -6/Factory | Accompanied by 5 allies 32106 | -6/Factory | Evolved 2 slots: Propulsion x1, Utility x1 32806 | -6/Factory | First assault squad dispatched 32953 | -6/Factory | Destroyed 8 combat bots 33022 | -6/Factory | Build established: Scavenger-Tank 33268 | -6/Factory | Spotted B-75 Beast 33304 | -6/Factory | Destroyed B-75 Beast 33358 | -6/Factory | Lost 8 parts (1p4n2u1w) 33913 | -6/Factory | Fabricated Hcp. Storage Unit (x1) 35470 | -6/Factory | Destroyed 16 combat bots 35743 | -6/Factory | Sucked down chute 35743 | -6/Factory | Entered Waste 35758 | -6/Waste | EMP discharged 35758 | -6/Waste | System corruption reached 10% 35775 | -6/Waste | Spotted C-40 Crusher 35803 | -6/Waste | Spotted C-40 Crusher 35823 | -6/Waste | Spotted C-40 Crusher 35826 | -6/Waste | Spotted C-40 Crusher 35855 | -6/Waste | Spotted C-40 Crusher 35858 | -6/Waste | EMP discharged 35878 | -6/Waste | Discovered new exit (range 12) 35878 | -6/Waste | Spotted C-40 Crusher 35891 | -6/Waste | Destroyed C-40 Crusher 35897 | -6/Waste | Found Damper Plating 35945 | -6/Waste | Build established: Scavenger-Mutant 35958 | -6/Waste | EMP discharged 36058 | -6/Waste | EMP discharged 36085 | -6/Waste | Entered Factory 36512 | -6/Factory | Discovered new exit (range 5) 36518 | -6/Factory | Entered Extension 36787 | -6/Extension | Build established: Scavenger-Tank 36868 | -6/Extension | First assault squad dispatched 37789 | -6/Extension | Build established: Commander-Tank 37843 | -6/Extension | Disrupted transfer network 37866 | -6/Extension | Spotted B-75 Beast 37887 | -6/Extension | Destroyed B-75 Beast 38160 | -6/Extension | Build established: Scavenger-Tank 38366 | -6/Extension | Rescued a captive Derelict 38368 | -6/Extension | Rescued a captive Derelict 38541 | -6/Extension | Rescued a captive Derelict 38712 | -6/Extension | Discovered new exit (range 10) 38713 | -6/Extension | Discovered new exit (range 6) 39229 | -6/Extension | Disrupted transfer network 39561 | -6/Extension | Entered Cetus 39561 | -6/Cetus | Accompanied by 9 allies 39583 | -6/Cetus | Spotted Cetus Guard 39583 | -6/Cetus | Spotted Cetus Guard 39587 | -6/Cetus | Spotted Cetus Guard 39587 | -6/Cetus | Spotted Cetus Guard 39603 | -6/Cetus | Allies destroyed Cetus Guard 39610 | -6/Cetus | Destroyed Cetus Guard 39613 | -6/Cetus | Destroyed Cetus Guard 39711 | -6/Cetus | Discovered new exit (range 16) 39758 | -6/Cetus | Entered Archives 39758 | -6/Archives | Accompanied by 2 allies 39843 | -6/Archives | Unable to access archive contents 39844 | -6/Archives | Discovered new exit (range 16) 39868 | -6/Archives | Discovered new exit (range 15) 39899 | -6/Archives | Discovered new exit (range 15) 40235 | -6/Archives | Build established: Scavenger-Mutant 40800 | -6/Archives | Entered Hub_04(d) 40954 | -6/Hub_04(d) | Build established: Scavenger-Tank 41162 | -6/Hub_04(d) | Network Hub disabled 41313 | -6/Hub_04(d) | Spotted Lightning 41314 | -6/Hub_04(d) | Spotted Lightning 41319 | -6/Hub_04(d) | Spotted Lightning 41463 | -6/Hub_04(d) | Destroyed Lightning 41474 | -6/Hub_04(d) | Destroyed Lightning 41500 | -6/Hub_04(d) | First assault squad dispatched 41511 | -6/Hub_04(d) | Destroyed Lightning 41577 | -6/Hub_04(d) | Found Prototype Device 41579 | -6/Hub_04(d) | Identified Exp. Phase Shifter 41616 | -6/Hub_04(d) | Discovered new exit (range 16) 41722 | -6/Hub_04(d) | Network Hub disabled 41995 | -6/Hub_04(d) | Build established: Scavenger-Mutant 41998 | -6/Hub_04(d) | Core integrity fell below 50% 42004 | -6/Hub_04(d) | Garrison activated, responded to threat 42185 | -6/Hub_04(d) | Discovered new exit (range 15) 42205 | -6/Hub_04(d) | System corruption reached 30% 42373 | -6/Hub_04(d) | Discovered new exit (range 6) 42429 | -6/Hub_04(d) | Build established: Scavenger-Tank 42593 | -6/Hub_04(d) | Network Hub disabled 42610 | -6/Hub_04(d) | Spotted Lightning 42615 | -6/Hub_04(d) | Spotted Lightning 42615 | -6/Hub_04(d) | Spotted Lightning 42689 | -6/Hub_04(d) | Destroyed Lightning 42728 | -6/Hub_04(d) | Spotted Lightning 42728 | -6/Hub_04(d) | Spotted Lightning 42730 | -6/Hub_04(d) | Spotted Lightning 42767 | -6/Hub_04(d) | Destroyed Lightning 42804 | -6/Hub_04(d) | Found Prototype Device 42805 | -6/Hub_04(d) | Identified Exp. EM Disruption Field 42825 | -6/Hub_04(d) | Lost 7 parts (1p1n3u2w) 42827 | -6/Hub_04(d) | Destroyed Lightning 42850 | -6/Hub_04(d) | Core integrity fell below 20% 42889 | -6/Hub_04(d) | Destroyed Lightning 42930 | -6/Hub_04(d) | Found Prototype Energy Cannon 42936 | -6/Hub_04(d) | Lost 5 parts (1n1u3w) 42946 | -6/Hub_04(d) | Found Exp. Phase Shifter 42956 | -6/Hub_04(d) | Found Prototype Processor 42963 | -6/Hub_04(d) | Found Exp. EM Disruption Field 43026 | -6/Hub_04(d) | Entered Factory 43026 | -5/Factory | Evolved 2 slots: Utility x2 43129 | -5/Factory | Build established: Scavenger-Mutant 43326 | -5/Factory | First assault squad dispatched 43370 | -5/Factory | Identified Exp. Targeting Computer 44093 | -5/Factory | Identified exit to Garrison 44104 | -5/Factory | Garrison activated, responded to threat 44160 | -5/Factory | Build established: Scavenger-Tank 44254 | -5/Factory | Cargo convoy interrupted 44738 | -5/Factory | Destroyed 20 combat bots 44812 | -5/Factory | Found Prototype Launcher 44812 | -5/Factory | Identified Tesla Bomb Launcher 44818 | -5/Factory | Found Prototype Slashing Weapon 44818 | -5/Factory | Identified Vibroblade 45244 | -5/Factory | High security lockdown imminent 45278 | -5/Factory | Destroyed 9 combat bots 45324 | -5/Factory | High security lockdown engaged 45333 | -5/Factory | Sucked down chute 45333 | -5/Factory | Entered Waste 45348 | -5/Waste | Warlord forces began an assault 45408 | -5/Waste | Spotted C-40 Crusher 45409 | -5/Waste | Allies destroyed C-40 Crusher 45422 | -5/Waste | Spotted C-40 Crusher 45428 | -5/Waste | Spotted C-40 Crusher 45428 | -5/Waste | Allies destroyed C-40 Crusher 45429 | -5/Waste | Allies destroyed C-40 Crusher 45466 | -5/Waste | Spotted C-40 Crusher 45479 | -5/Waste | Allies destroyed C-40 Crusher 45675 | -5/Waste | Discovered new exit (range 12) 48650 | -5/Waste | Build established: Scavenger-Mutant 51255 | -5/Waste | Entered Factory 51255 | -5/Factory | Accompanied by 10 allies 51292 | -5/Factory | Garrison activated, responded to threat 51404 | -5/Factory | Identified exit to Garrison 51555 | -5/Factory | First assault squad dispatched 51717 | -5/Factory | Build established: Scavenger-Tank 51909 | -5/Factory | Garrison activated, responded to threat 52203 | -5/Factory | Cargo convoy interrupted 52319 | -5/Factory | Entered Garrison 52494 | -5/Garrison | Triggered checkpoint 52573 | -5/Garrison | Triggered checkpoint 52576 | -5/Garrison | Spotted B-75 Beast 52782 | -5/Garrison | Build established: Scavenger-Mutant 52942 | -5/Garrison | Destroyed B-75 Beast 53092 | -5/Garrison | Discovered new exit (range 15) 53129 | -5/Garrison | Expanded RIF knowledge: Coupler Efficiency 53427 | -5/Garrison | Triggered checkpoint 53454 | -5/Garrison | Garrison Relay disabled 53606 | -5/Garrison | Triggered checkpoint 53635 | -5/Garrison | Garrison Relay disabled 53918 | -5/Garrison | Discovered new exit (range 15) 54169 | -5/Garrison | Found Unknown Device 54169 | -5/Garrison | Identified Quantum Capacitor 54254 | -5/Garrison | Triggered checkpoint 54310 | -5/Garrison | Garrison Relay disabled 54430 | -5/Garrison | Triggered checkpoint 54726 | -5/Garrison | Discovered new exit (range 14) 55033 | -5/Garrison | Build established: Scavenger-Tank 55057 | -5/Garrison | Garrison Relay disabled 55111 | -5/Garrison | Triggered checkpoint 55186 | -5/Garrison | Triggered checkpoint 55461 | -5/Garrison | Build established: Scavenger-Mutant 55642 | -5/Garrison | Triggered checkpoint 55860 | -5/Garrison | Entered Factory 55860 | -5/Factory | Accompanied by 6 allies 56138 | -5/Factory | Identified exit to Garrison 56337 | -5/Factory | Fabricated Hcp. Storage Unit (x1) 56715 | -5/Factory | Build established: Scavenger-Tank 56717 | -5/Factory | Repaired Exp. EM Disruption Field? 57278 | -5/Factory | Discovered new exit (range 7) 57606 | -5/Factory | Discovered new exit (range 9) 58030 | -5/Factory | System corruption reached 10% 58528 | -5/Factory | Repaired Force Field 58860 | -5/Factory | First assault squad dispatched 59015 | -5/Factory | Destroyed 10 combat bots 59268 | -5/Factory | Repaired Imp. Medium Armor Plating 59378 | -5/Factory | Repaired Centrium Heavy Treads 59863 | -5/Factory | Garrison activated, responded to threat 59948 | -5/Factory | Destroyed 13 combat bots 59965 | -5/Factory | High security lockdown imminent 60017 | -5/Factory | Entered Garrison 60086 | -5/Garrison | Triggered checkpoint 60211 | -5/Garrison | Discovered new exit (range 9) 60282 | -5/Garrison | Triggered checkpoint 60423 | -5/Garrison | Discovered new exit (range 15) 60460 | -5/Garrison | Expanded RIF knowledge: Structural Interface 60552 | -5/Garrison | Garrison Relay disabled 60674 | -5/Garrison | Garrison Relay disabled 60926 | -5/Garrison | Triggered checkpoint 60980 | -5/Garrison | Build established: Scavenger-Mutant 61008 | -5/Garrison | Discovered new exit (range 9) 61095 | -5/Garrison | Triggered checkpoint 61143 | -5/Garrison | Garrison Relay disabled 61290 | -5/Garrison | Triggered checkpoint 61470 | -5/Garrison | Triggered checkpoint 61652 | -5/Garrison | Triggered checkpoint 61966 | -5/Garrison | Triggered checkpoint 62379 | -5/Garrison | Entered Factory 62379 | -4/Factory | Evolved 2 slots: Propulsion x1, Utility x1 62849 | -4/Factory | Build established: Scavenger-Tank 62879 | -4/Factory | First assault squad dispatched 63279 | -4/Factory | Destroyed 9 combat bots 63427 | -4/Factory | Build established: Scavenger-Mutant 63491 | -4/Factory | Destroyed 7 combat bots 63723 | -4/Factory | Destroyed 9 combat bots 64158 | -4/Factory | Destroyed 9 combat bots 64279 | -4/Factory | High security lockdown imminent 64317 | -4/Factory | Destroyed 12 combat bots 64359 | -4/Factory | High security lockdown engaged 64382 | -4/Factory | Lost 4 parts (1p1n2u) 64387 | -4/Factory | Sucked down chute 64387 | -4/Factory | Entered Waste 64394 | -4/Waste | Spotted C-40 Crusher 64552 | -4/Waste | Spotted C-40 Crusher 64557 | -4/Waste | Spotted C-40 Crusher 64570 | -4/Waste | Spotted C-40 Crusher 64574 | -4/Waste | Spotted C-40 Crusher 64642 | -4/Waste | Spotted C-40 Crusher 64860 | -4/Waste | Destroyed C-40 Crusher 65104 | -4/Waste | Destroyed C-40 Crusher 65167 | -4/Waste | Destroyed C-40 Crusher 65226 | -4/Waste | Destroyed C-40 Crusher 65518 | -4/Waste | Destroyed C-40 Crusher 65543 | -4/Waste | Destroyed C-40 Crusher 65974 | -4/Waste | Discovered new exit (range 16) 66078 | -4/Waste | Build established: Scavenger-Tank 67123 | -4/Waste | Build established: Scavenger-Mutant 67471 | -4/Waste | Entered Factory 67873 | -4/Factory | Build established: Scavenger-Tank 67972 | -4/Factory | Discovered new exit (range 5) 68721 | -4/Factory | First assault squad dispatched 69026 | -4/Factory | Discovered new exit (range 15) 69049 | -4/Factory | Identified exit to Garrison 69138 | -4/Factory | Garrison activated, responded to threat 69825 | -4/Factory | Garrison activated, responded to threat 70084 | -4/Factory | Discovered new exit (range 9) 70805 | -4/Factory | Garrison activated, responded to threat 70978 | -4/Factory | Destroyed 9 combat bots 71061 | -4/Factory | Entered Garrison 71236 | -4/Garrison | Triggered checkpoint 71376 | -4/Garrison | Garrison Relay disabled 71678 | -4/Garrison | Build established: Scavenger-Mutant 72041 | -4/Garrison | Spotted B-86 Titan 72138 | -4/Garrison | Allies destroyed B-86 Titan 72267 | -4/Garrison | Build established: Scavenger-Tank 72374 | -4/Garrison | Triggered checkpoint 72446 | -4/Garrison | Triggered checkpoint 72468 | -4/Garrison | Discovered new exit (range 15) 72727 | -4/Garrison | Triggered checkpoint 72811 | -4/Garrison | Discovered new exit (range 15) 72971 | -4/Garrison | Triggered checkpoint 73150 | -4/Garrison | Discovered new exit (range 11) 73179 | -4/Garrison | Expanded RIF knowledge: Alert ID Control 73299 | -4/Garrison | Triggered checkpoint 73408 | -4/Garrison | Garrison Relay disabled 73578 | -4/Garrison | Triggered checkpoint 73759 | -4/Garrison | Garrison Relay disabled 74068 | -4/Garrison | Build established: Scavenger-Mutant 74083 | -4/Garrison | Entered Factory 74083 | -4/Factory | Accompanied by 2 allies 74293 | -4/Factory | Discovered new exit (range 15) 74397 | -4/Factory | Garrison activated, responded to threat 74406 | -4/Factory | P-70 Sage assimilated allied Enforcer 7a 74409 | -4/Factory | P-70 Sage assimilated allied Veteran 7a 74519 | -4/Factory | Destroyed 7 combat bots 74625 | -4/Factory | Build established: Scavenger-Tank 74626 | -4/Factory | First assault squad dispatched 74636 | -4/Factory | Identified exit to Garrison 74989 | -4/Factory | Destroyed 13 combat bots 75129 | -4/Factory | Garrison activated, responded to threat 75135 | -4/Factory | Discovered new exit (range 13) 75167 | -4/Factory | Destroyed 9 combat bots 75356 | -4/Factory | Entered Upper Caves 75364 | -4/Upper Caves | Learned Research emergency access door positions 76126 | -4/Upper Caves | Attracted the attention of an 0b10 checkpoint 76475 | -4/Upper Caves | Discovered new exit (range 9) 76485 | -4/Upper Caves | Learned location of Testing (-3) 76528 | -4/Upper Caves | Entered another Upper Caves area 76528 | -4/Upper Caves | Spotted B-86 Titan 76550 | -4/Upper Caves | Attracted the attention of an 0b10 checkpoint 76652 | -4/Upper Caves | Lost 13 parts (1p3n6u3w) 76689 | -4/Upper Caves | Released all parts (4) 76714 | -4/Upper Caves | Discovered new exit (range 15) 76719 | -4/Upper Caves | Lost 6 parts (1p3n2w) 76746 | -4/Upper Caves | Entered Zhirov 76746 | -4/Zhirov | Discovered new exit (range 3) 76756 | -4/Zhirov | Met Zhirov 76791 | -4/Zhirov | Zhirov requested help retrieving the SGEMP Prototype 76804 | -4/Zhirov | Found Alien Artifact 76804 | -4/Zhirov | Identified Integrated Dissipator 76804 | -4/Zhirov | Installed Integrated Dissipator, increased core heat dissipation (+20) 76946 | -4/Zhirov | Found Alien Artifact 76971 | -4/Zhirov | Build established: Mutant 77156 | -4/Zhirov | Entered Proximity Caves 77158 | -3/Proximity Caves | Core integrity fell below 50% 77612 | -3/Proximity Caves | Build established: Scavenger-Mutant 77993 | -3/Proximity Caves | Lost 4 parts (3u1w) 78182 | -3/Proximity Caves | Discovered new exit (range 8) 78189 | -3/Proximity Caves | Entered Research 78189 | -3/Research | Evolved 2 slots: Power x1, Propulsion x1 78217 | -3/Research | Found Unknown Device 78217 | -3/Research | Identified Antimissile System 78580 | -3/Research | Destroyed 7 combat bots 78581 | -3/Research | Lost 5 parts (1p1n2u1w) 78710 | -3/Research | Fabricated Hcp. Storage Unit? 79182 | -3/Research | Garrison activated, responded to threat 79434 | -3/Research | Found Unknown Launcher 79540 | -3/Research | Lost 5 parts (1p3u1w) 79559 | -3/Research | System corruption reached 10% 79609 | -3/Research | Destroyed 11 combat bots 79677 | -3/Research | Identified Fusion Bomb Launcher 79764 | -3/Research | Garrison activated, responded to threat 79839 | -3/Research | Lost 3 parts (2p1n) 79939 | -3/Research | First assault squad dispatched 79948 | -3/Research | Identified exit to Garrison 79966 | -3/Research | Entered Garrison 79988 | -3/Garrison | Triggered checkpoint 80000 | -3/Garrison | Garrison Relay disabled 80022 | -3/Garrison | Triggered checkpoint 80144 | -3/Garrison | Garrison Relay disabled 80678 | -3/Garrison | Spotted B-86 Titan 80782 | -3/Garrison | Core integrity fell below 50% 80893 | -3/Garrison | Lost 14 parts (2p6n2u4w) 80903 | -3/Garrison | Destroyed 8 combat bots 81059 | -3/Garrison | Build established: Scavenger-Skirmisher 81061 | -3/Garrison | Destroyed B-86 Titan 81191 | -3/Garrison | Triggered checkpoint 81268 | -3/Garrison | Discovered new exit (range 14) 81340 | -3/Garrison | Triggered checkpoint 81379 | -3/Garrison | Discovered new exit (range 11) 81403 | -3/Garrison | Expanded RIF knowledge: Threat Obfuscation 81514 | -3/Garrison | Discovered new exit (range 10) 81806 | -3/Garrison | Triggered checkpoint 81822 | -3/Garrison | Garrison Relay disabled 82090 | -3/Garrison | Triggered checkpoint 82138 | -3/Garrison | Garrison Relay disabled 82256 | -3/Garrison | Triggered checkpoint 82314 | -3/Garrison | Garrison Relay disabled 82617 | -3/Garrison | Build established: Scavenger-Mutant 83176 | -3/Garrison | Build established: Scavenger-Skirmisher 83472 | -3/Garrison | Entered Research 83472 | -2/Research | Accompanied by 6 allies 83472 | -2/Research | Evolved 2 slots: Propulsion x1, Utility x1 83519 | -2/Research | Found Faulty Enh. Gamma Bomb Array 83568 | -2/Research | Found Prototype Launcher 83568 | -2/Research | Identified Com. Tesla Bomb Launcher 83572 | -2/Research | Found Com. Tesla Bomb Launcher 83972 | -2/Research | First assault squad dispatched 84341 | -2/Research | Build established: Scavenger-Gunner 84570 | -2/Research | Identified exit to Garrison 84570 | -2/Research | Entered Garrison 84578 | -2/Garrison | Expanded RIF knowledge: Coupler Efficiency 84632 | -2/Garrison | Spotted B-90 Cyclops 84636 | -2/Garrison | Triggered checkpoint 84636 | -2/Garrison | Triggered checkpoint 84739 | -2/Garrison | Destroyed B-90 Cyclops 84890 | -2/Garrison | Triggered checkpoint 84918 | -2/Garrison | Triggered checkpoint 84934 | -2/Garrison | Garrison Relay disabled 85107 | -2/Garrison | Garrison Relay disabled 85218 | -2/Garrison | Triggered checkpoint 85262 | -2/Garrison | Discovered new exit (range 14) 85268 | -2/Garrison | Triggered checkpoint 85512 | -2/Garrison | Build established: Botlord-Tank 85919 | -2/Garrison | Triggered checkpoint 86140 | -2/Garrison | Build established: Botlord-Mutant 86286 | -2/Garrison | Discovered new exit (range 5) 86324 | -2/Garrison | Garrison Relay disabled 86590 | -2/Garrison | Triggered checkpoint 86778 | -2/Garrison | Garrison Relay disabled 86894 | -2/Garrison | Triggered checkpoint 86992 | -2/Garrison | Build established: Scavenger-Tank 87045 | -2/Garrison | Garrison Relay disabled 87151 | -2/Garrison | Discovered new exit (range 15) 87443 | -2/Garrison | Build established: Commander-Tank 87617 | -2/Garrison | Found Unknown Device 87617 | -2/Garrison | Identified Adv. Force Booster 87758 | -2/Garrison | System corruption reached 10% 87825 | -2/Garrison | Found Unknown Protection 87827 | -2/Garrison | Found Unknown Protection 88110 | -2/Garrison | Build established: Scavenger-Tank 88159 | -2/Garrison | System corruption reached 30% 88159 | -2/Garrison | Entered Access 88159 | -1/Access | Accompanied by 12 allies 88159 | -1/Access | Evolved 2 slots: Utility x2 88319 | -1/Access | Identified Adv. Powered Armor (x2) 88446 | -1/Access | P-80 Master assimilated allied Imp 9a 88562 | -1/Access | Found Prototype Processor 88563 | -1/Access | Identified Exp. Core Analyzer 88628 | -1/Access | Garrison activated, responded to threat 88825 | -1/Access | Found Exp. Actuator Array 88909 | -1/Access | First assault squad dispatched 88968 | -1/Access | Spotted B-99 Colossus 89103 | -1/Access | Lost 5 parts (2p3u) 89106 | -1/Access | Destroyed 15 combat bots 89735 | -1/Access | Found Unknown Piercing Weapon 89736 | -1/Access | Identified Enh. Force Lance 89741 | -1/Access | Found Enh. Force Lance 89743 | -1/Access | Found Enh. Force Lance 89746 | -1/Access | Found Enh. Force Lance 89749 | -1/Access | Found Enh. Force Lance 89784 | -1/Access | Energy Cycler disabled 90138 | -1/Access | Identified exit to Command 90503 | -1/Access | Spotted B-99 Colossus 90700 | -1/Access | System corruption reached 10% 90812 | -1/Access | Entered Command 91501 | -1/Command | Spotted Combat Programmer 91516 | -1/Command | Spotted M Guard 91522 | -1/Command | Spotted Combat Programmer 91523 | -1/Command | Spotted M Guard 91538 | -1/Command | Destroyed Combat Programmer 91559 | -1/Command | System corruption reached 30% 91582 | -1/Command | Destroyed Combat Programmer 91616 | -1/Command | Destroyed M Guard 91617 | -1/Command | Destroyed M Guard 91617 | -1/Command | All MAIN.C guards destroyed 91688 | -1/Command | Lost 17 parts (4p2n8u3w) 91909 | -1/Command | Found Unknown Protection 91909 | -1/Command | Identified Hvy. Reflective Plating 91987 | -1/Command | Build established: Scavenger-Mutant 92214 | -1/Command | Met MAIN.C 92336 | -1/Command | Released all parts (17) 92353 | -1/Command | Interfaced with 0b10 Conduit 92353 | *** | Assimilated 0b10! Last Messages --------------- 92336_ Released Arm. Heavy Treads. 92336_ Released Hcp. Storage Unit. 92336_ Released Exp. Actuator Array. 92336_ Released Graphene Brace. 92336_ Released Enh. Force Lance. 92336_ Released Rnf. Antimatter Reactor. 92336_ Released Energy Well. 92336_ Released Adv. Cooling System. 92336_ Released Enh. Force Lance. 92336_ Released Rnf. Fission Core. 92336_ Released Arm. Medium Treads. 92336_ Released Imp. Thermal Shield. 92336_ Released Imp. Ion Engine. 92336_ Released Adv. Phase Shifter. 92336_ Released Exp. Biometal Heavy Treads. 92338_ Extracted 1 energy. 92351_ System corrupted: Matter fused (-9). 92353_ Interfacing with system... 92353_ Overriding active MAIN.C lock. [Achievement: Rambo] Map ----- +----------------------------------------------------+ | ################################################## | | ################################################## | | ################################################## | | ################################################## | | ################################################## | | ################################################## | | ################################################## | | ################################################## | | ################################################## | | ################################################## | | ################################################## | | ################################################## | | ######################################### | | ######################################### | | #####""""""" """" ############### | | #####"" "" ############### | | #####""""" "" ############### | | #####""""""""""" + | | #####" " """ ; | | #####"" """""" ; | | ##+###########"" """""" ############### | | ## ########### " """""" ############### | | ## ########### " "" ############### | | ## ########### " " ""############### | | ########""""""""" """""""############### | | ########"" @"""""""""############### | | ######## """""""""""############### | | ######## " " " " ############### | | ######## " " " " ############### | | """ " " " """" " ############### | | """ """ " " """" ############### | | """ " " " " ############### | | #+############ """""""""" " ############### | | ###### " """ " """"""""############### | | ###### """ " " " ############### | | " " ########################################## | | ""R"" ########################################## | | """"" ########################################## | | ########################################## | | ########################################## | | #####+############################################ | | ##### ############################################ | | ##### ############################################ | | ##### ############################################ | | ##### ############################################ | | ##### ############################################ | | ##### ############################################ | | ################################# | | T################################# | | #######"""################################## | +----------------------------------------------------+ Best States ------------- Heat Dissipation 123 Energy Generation 64 Energy Capacity 1310 Matter Stores 550 Matter Capacity 550 Sight Range 16 Terrain Scan Density 10 Power Amplification 30 Additional Mass Support 12 Armor Coverage 3200 Resistance: KI 30 Resistance: TH 25 Resistance: EM 90 Core Shielding 40 Propulsion Shielding 66 Weapon Shielding 66 Point Defense Rating 240 Melee Speed Boost 20 Phase Shifting 20 Evasion (%) 75 Targeting Accuracy 12 Melee Accuracy 8 Target Analysis 12 Recoil Reduction 12 Matter Filtering 50 Kinecelleration 40 Force Boost 20 Salvage Targeting 3 Offensive Hacking 24 Defensive Hacking 12 Relay Coupler Types 2 Relay Coupler Value 64 Item Schematics ----------------- Hcp. Storage Unit | -10/Materials | Hacked Datajack | -8/Materials | Scanalyzed Assault Drone Bay | -4/Zhirov | Free Exp. Heat Sink | -4/Zhirov | Free Exp. Optical Array | -4/Zhirov | Free Imp. Arc Thrower | -4/Zhirov | Free Robot Schematics ------------------ None Fabricated ------------ Hcp. Storage Unit | x1 | -6/Factory Hcp. Storage Unit | x1 | -5/Factory Hcp. Storage Unit | x1 | -3/Research Alien Tech Used ----------------- Integrated Dissipator Achievements -------------- Rambo Shocking Conclusion Challenges ------------ None Game ------ Seed GravmagAluminumDisintegrator Manual? 0 Play Time 17:16:24 Cumulative 266.1 hours Start 2022.03.25 @ 17:14:44 End 2022.03.30 @ 22:05:25 Sessions 37 Manual Loads 0 Difficulty Rogue Special Mode None Game No. 68 Rogue 68 Adventurer 0 Explorer 0 Win Type 4 Total 6 Types 3/1/0/0/2/0/0/0/0 Lore% 58 Gallery% 71 Achievement% 64 Wizard Run 0 Options --------- ASCII 0 Keyboard 0 Movement Arrows Keybinds 0 Fullscreen 0 Font 28/SmallcapsGlow Map View 72x54 Tactical HUD 1 Map Filters NONE Filters NONE Steam 1 RUN: f90ba988-d3fa-4c3f-85e7-e556b809f9a6